Workbook

Sheet Distrib. Pricing Only Full
A1: Material | B1: Material | C1: Material Description | D1: Material Long Description | E1: MTyp | F1: Division 02 = MIS | G1: SAP Availability (status) | H1: Item Excluded for Sale in Region or Country (country blocks are in place in SAP) | I1: US Re-export Control | J1: Flag for Dual Use | K1: Product Hierarchy = BSS Code | L1: Business Segment | M1: Product Material Type | N1: Product Category | O1: Product Hierarchy | P1: Standard Lead Time (workings days from order intake until dispatch - transit time is not included) | Q1: Price Change Valid From date | R1: price or availability change? | S1: price or availability change comment | T1: Current FY2026 List Price (EUR) (as of 16.06.2026 except if date different in column Q) | U1: Distributor Price List: Buch & Holm A/S SAP Number: 2000568978 Region/Country: NWE/Denmark Currency: EUR | V1: EMEA List Price Discount % | W1: Distributor Cluster Markdown Group | X1: Code number | Y1: Country of Orig | Z1: Item Serialized? | AA1: Erstattet af
A2: 030000 | B2: 30000 | C2: LIEDER SLIDE BOX | D2: Lieder slide box | E2: HAWA | F2: 02 | G2: available | K2: 100210951095 | L2: Microscope Finished Goods | M2: Regional/Local use | N2: Regional use | O2: Regional/Local use | P2: 22 | R2: no change | T2: 55 | U2: 28.6 | V2: 0.48 | W2: HAWA MIS Conventional | X2: 90230080000 | Y2: DE | Z2: no
A3: 030007 | B3: 30007 | C3: LENS CLEANING TISSUE | D3: Lens cleaning tissue, 100 pices, size: 125x75mm | E3: HAWA | F3: 02 | G3: available | K3: 100210069517 | L3: Microscope Finished Goods | M3: ACCESSORY | N3: ACCESSORY (B) | O3: TBD | P3: 2 | R3: no change | T3: 19 | U3: 9.88 | V3: 0.48 | W3: HAWA MIS Conventional | X3: 56031210900 | Y3: JP | Z3: no
A4: 030362 | B4: 30362 | C4: CK2-SS | D4: Stage extension plate for CK-, CKX- and IX-microscopes. | E4: HAWA | F4: 02 | G4: available | K4: 100210010605 | L4: Microscope Finished Goods | M4: MICROSCOPE | N4: ACCESSORY | O4: STAGE / FOCUSING UNIT | P4: 2 | R4: no change | T4: 54 | U4: 28.08 | V4: 0.48 | W4: HAWA MIS Conventional | X4: 90119000000 | Y4: JP | Z4: no
A5: 031194 | B5: 31194 | C5: CT-5 CENTERING TELESCOPE | D5: Centering telescope for phase contrast, diameter 23.5mm | E5: HAWA | F5: 02 | G5: available | K5: 100210010810 | L5: Microscope Finished Goods | M5: MICROSCOPE | N5: EYEPIECE LENS | O5: CENTERING TELESCOPE | P5: 2 | R5: no change | T5: 280 | U5: 145.6 | V5: 0.48 | W5: HAWA MIS Conventional | X5: 90029000900 | Y5: JP | Z5: no
A6: 031424 | B6: 31424 | C6: BH2-SH | D6: BH2-SH | E6: HAWA | F6: 02 | G6: available | K6: 100210010605 | L6: Microscope Finished Goods | M6: MICROSCOPE | N6: ACCESSORY | O6: STAGE / FOCUSING UNIT | P6: 2 | R6: no change | T6: 1524 | U6: 792.48 | V6: 0.48 | W6: HAWA MIS Conventional | X6: 90119000000 | Y6: JP | Z6: no
A7: 031701 | B7: 31701 | C7: CH2-DS DARKFIELD STOP | D7: Darkfield central stop for objectives up to NA 0.65 (only with CH2-FH or CX-AL) | E7: HAWA | F7: 02 | G7: available | K7: 100210010601 | L7: Microscope Finished Goods | M7: MICROSCOPE | N7: ACCESSORY | O7: PHOTO SYSTEM / FILTER SLIDER | P7: 2 | R7: no change | T7: 20 | U7: 10.4 | V7: 0.48 | W7: HAWA MIS Conventional | X7: 90119000000 | Y7: JP | Z7: no
A8: 031711 | B8: 31711 | C8: CH2-FH FILTER HOLDER | D8: Filter holder, for 32.5mm ø filters | E8: HAWA | F8: 02 | G8: available | K8: 100210010601 | L8: Microscope Finished Goods | M8: MICROSCOPE | N8: ACCESSORY | O8: PHOTO SYSTEM / FILTER SLIDER | P8: 2 | R8: no change | T8: 28 | U8: 14.56 | V8: 0.48 | W8: HAWA MIS Conventional | X8: 90119000000 | Y8: JP | Z8: no
A9: 032317 | B9: 32317 | C9: CK40M-AN | D9: Analyser for CK40M and GX41 | E9: HAWA | F9: 02 | G9: available | K9: 100210010609 | L9: Microscope Finished Goods | M9: MICROSCOPE | N9: ACCESSORY | O9: LAMP / FILTER | P9: 93 | R9: no change | T9: 679 | U9: 353.08 | V9: 0.48 | W9: HAWA MIS Conventional | X9: 90119000000 | Y9: JP | Z9: no
A10: 032441 | B10: 32441 | C10: BH2-WHR43 | D10: Rotatable wafer holder for 3" and 4" diameter wafers, for use with wafer holder base plate BH3-WHP6 | E10: HAWA | F10: 02 | G10: available | K10: 100210010605 | L10: Microscope Finished Goods | M10: MICROSCOPE | N10: ACCESSORY | O10: STAGE / FOCUSING UNIT | P10: 2 | R10: no change | T10: 772 | U10: 401.44 | V10: 0.48 | W10: HAWA MIS Conventional | X10: 90119000000 | Y10: JP | Z10: no
A11: 032443 | B11: 32443 | C11: BH2-WHR65 | D11: Rotatable wafer holder for 5" and 6" diameter wafers, for use with wafer holder base plate BH3-WHP6 | E11: HAWA | F11: 02 | G11: available | K11: 100210010605 | L11: Microscope Finished Goods | M11: MICROSCOPE | N11: ACCESSORY | O11: STAGE / FOCUSING UNIT | P11: 2 | R11: no change | T11: 669 | U11: 347.88 | V11: 0.48 | W11: HAWA MIS Conventional | X11: 90119000000 | Y11: JP | Z11: no
A12: 032445 | B12: 32445 | C12: BH3-WHP6 WAFER HOLDER | D12: Wafer holder base plate for 6x6" stage, accepts rotatable wafer holders that accommodate 3-6" wafers | E12: HAWA | F12: 02 | G12: available | K12: 100210010605 | L12: Microscope Finished Goods | M12: MICROSCOPE | N12: ACCESSORY | O12: STAGE / FOCUSING UNIT | P12: 20 | R12: no change | T12: 534 | U12: 277.68 | V12: 0.48 | W12: HAWA MIS Conventional | X12: 90119000000 | Y12: JP | Z12: no
A13: 032472 | B13: 32472 | C13: BH3-SP6 | D13: 6x6" Metal stage plate insert | E13: HAWA | F13: 02 | G13: available | K13: 100210010605 | L13: Microscope Finished Goods | M13: MICROSCOPE | N13: ACCESSORY | O13: STAGE / FOCUSING UNIT | P13: 20 | R13: no change | T13: 380 | U13: 197.6 | V13: 0.48 | W13: HAWA MIS Conventional | X13: 90119000000 | Y13: JP | Z13: no
... A24: 033639 | B24: 33639 | C24: 110AL0,62X | D24: Auxiliary lens, WD=160 | E24: HAWA | F24: 02 | G24: available | K24: 100210010751 | L24: Microscope Finished Goods | M24: MICROSCOPE | N24: OBJECTIVE LENS | O24: SZH-OB | P24: 2 | R24: no change | T24: 399 | U24: 207.48 | V24: 0.48 | W24: HAWA MIS Conventional | X24: 90021900000 | Y24: JP | Z24: no
A25: 033640 | B25: 33640 | C25: 110ALK-0,3X AUXILIARY LENS | D25: Auxiliary lens, NA 0.006-0.020, WD=250-350 | E25: HAWA | F25: 02 | G25: stock sellout | K25: 100210010751 | L25: Microscope Finished Goods | M25: MICROSCOPE | N25: OBJECTIVE LENS | O25: SZH-OB | P25: 20 | R25: availability | S25: discontinued (stock sellout) - item available until inventory depleted | T25: 329 | U25: 171.08 | V25: 0.48 | W25: HAWA MIS Conventional | X25: 90021900000 | Y25: JP | Z25: no
A26: 033641 | B26: 33641 | C26: 110ALK-0,4X | D26: Auxiliary lens, NA 0.008-0.027, WD=180-250 | E26: HAWA | F26: 02 | G26: available | K26: 100210010751 | L26: Microscope Finished Goods | M26: MICROSCOPE | N26: OBJECTIVE LENS | O26: SZH-OB | P26: 20 | R26: no change | T26: 314 | U26: 163.28 | V26: 0.48 | W26: HAWA MIS Conventional | X26: 90021900000 | Y26: JP | Z26: no
A27: 033644 | B27: 33644 | C27: 110AL-1,5X AUXILIARY LENS | D27: Auxiliary lens, NA 0.029-0.10, WD=61 | E27: HAWA | F27: 02 | G27: available | K27: 100210010751 | L27: Microscope Finished Goods | M27: MICROSCOPE | N27: OBJECTIVE LENS | O27: SZH-OB | P27: 2 | R27: no change | T27: 220 | U27: 114.4 | V27: 0.48 | W27: HAWA MIS Conventional | X27: 90021900000 | Y27: JP | Z27: no
A28: 033721 | B28: 33721 | C28: SZX-PO POLARIZER | D28: Polarizer for SZX transmitted light stands, to be insert under glass stage plate | E28: HAWA | F28: 02 | G28: available | K28: 100210010609 | L28: Microscope Finished Goods | M28: MICROSCOPE | N28: ACCESSORY | O28: LAMP / FILTER | P28: 20 | R28: no change | T28: 185 | U28: 96.2 | V28: 0.48 | W28: HAWA MIS Conventional | X28: 90119000000 | Y28: JP | Z28: no
A29: 033723 | B29: 33723 | C29: SZX-AS APERTURE STOP DIAPHRAGM | D29: Aperture stop for SZX9, double iris diaphragm for contrast control, 20mm height, front slider control | E29: HAWA | F29: 02 | G29: available | K29: 100210010602 | L29: Microscope Finished Goods | M29: MICROSCOPE | N29: ACCESSORY | O29: Intermediate Tube | P29: 2 | R29: no change | T29: 522 | U29: 271.44 | V29: 0.48 | W29: HAWA MIS Conventional | X29: 90119000000 | Y29: JP | Z29: no
A30: 033726 | B30: 33726 | C30: SZX-EPA | D30: Eyepoint adjuster for SZX, raises eyepoint position 40mm, up to two pieces can be stacked in the absence of other intermediate tubes | E30: HAWA | F30: 02 | G30: available | K30: 100210010602 | L30: Microscope Finished Goods | M30: MICROSCOPE | N30: ACCESSORY | O30: Intermediate Tube | P30: 2 | R30: no change | T30: 269 | U30: 139.88 | V30: 0.48 | W30: HAWA MIS Conventional | X30: 90029000900 | Y30: JP | Z30: no
A31: 033731 | B31: 33731 | C31: SZX-R STOPPER RING F. SZX-STL | D31: Retaining collar, safety collar to secure SZX-FO and SZX-FOF focus mounts on 400mm pillar and 600mm pillar | E31: HAWA | F31: 02 | G31: available | K31: 100210010640 | L31: Microscope Finished Goods | M31: MICROSCOPE | N31: ACCESSORY | O31: STAND | P31: 2 | R31: no change | T31: 112 | U31: 58.24 | V31: 0.48 | W31: HAWA MIS Conventional | X31: 90119000000 | Y31: JP | Z31: no
A32: 033734 | B32: 33734 | C32: SZX-STAD1 *BTS* | D32: Stage adapter type 1, required for mounting BX circular stages U-SRG and U-SRP on stereo stands, stage surface is raised 44mm from standard stage plate surface, 400mm pillar and SZX-R retaining collar or SZ2-ET are recommended | E32: HAWA | F32: 02 | G32: available | K32: 100210010640 | L32: Microscope Finished Goods | M32: MICROSCOPE | N32: ACCESSORY | O32: STAND | P32: 68 | R32: no change | T32: 161 | U32: 83.72 | V32: 0.48 | W32: HAWA MIS Conventional | X32: 90119000000 | Y32: JP | Z32: no
A33: 033735 | B33: 33735 | C33: SZX-STAD2 STAGE ADAPTOR F.U-SI | D33: Stage adapter type 2, required for mounting U-SIC4 stage on stereo stands, stage surface is raised 124mm from standard stage plate surface, incl. adjustable transmitted light mirror, 400mm or 600mm pillar and SZX-R are required | E33: HAWA | F33: 02 | G33: available | K33: 100210010640 | L33: Microscope Finished Goods | M33: MICROSCOPE | N33: ACCESSORY | O33: STAND | P33: 2 | R33: no change | T33: 411 | U33: 213.72 | V33: 0.48 | W33: HAWA MIS Conventional | X33: 90119000000 | Y33: JP | Z33: no
A34: 033745 | B34: 33745 | C34: SZX-CCV | D34: UV-cut plate, to protect against UV-radiation if a high intensity light source (xenon or mercury discharge lamp) is used. | E34: HAWA | F34: 02 | G34: available | K34: 100210010660 | L34: Microscope Finished Goods | M34: MICROSCOPE | N34: ACCESSORY | O34: BIOLOGICAL NOSEPIECE FOCUS | P34: 80 | R34: no change | T34: 335 | U34: 174.2 | V34: 0.48 | W34: HAWA MIS Conventional | X34: 90022000000 | Y34: JP | Z34: no
A35: 033769 | B35: 33769 | C35: SZX-ACH1X OBJECTIVE F. SZX9 | D35: Achromat stereo objective for SZX7 and SZX10. Magnification 1x, numerical aperture 0.11, working distance 90 mm. | E35: HAWA | F35: 02 | G35: stock sellout | K35: 100210010752 | L35: Microscope Finished Goods | M35: MICROSCOPE | N35: OBJECTIVE LENS | O35: SZX-OB | P35: 2 | R35: availability | S35: discontinued (stock sellout) - item available until inventory depleted | T35: 399 | U35: 207.48 | V35: 0.48 | W35: HAWA MIS Conventional | X35: 90021900000 | Y35: JP | Z35: no
A36: 033774 | B36: 33774 | C36: SZX-RFA | D36: Coaxial reflected light illuminator, four-positioned filter slider with one position for transmitted light observation and three positions for reflected light Fluorescence, integrated protection against scattering, 3-positioned slider (0%/ND25/100%) on light entry, SZX-fluorescence filter cubes must be ordered additionally (033775 ? 033779) | E36: HAWA | F36: 02 | G36: available | K36: 100210010656 | L36: Microscope Finished Goods | M36: MICROSCOPE | N36: ACCESSORY | O36: FLUORESCENCE ATTACHMENT | P36: 20 | R36: no change | T36: 3870 | U36: 2012.4 | V36: 0.48 | W36: HAWA MIS Conventional | X36: 90022000000 | Y36: JP | Z36: no
A37: 033775 | B37: 33775 | C37: SZX-MGFP CUBE F.GFP-EX475,EM51 | D37: Filter set for GFP excitation of SZX-RFA, exciter filter BP460-490, dichroic mirror DM505, barrier filter BA510IF | E37: HAWA | F37: 02 | G37: available | K37: 100210010618 | L37: Microscope Finished Goods | M37: MICROSCOPE | N37: ACCESSORY | O37: FLUORESCENCE CUBE | P37: 20 | R37: no change | T37: 3512 | U37: 1826.24 | V37: 0.48 | W37: HAWA MIS Conventional | X37: 90022000000 | Y37: JP | Z37: no
A38: 033776 | B38: 33776 | C38: SZX-MGFPA *BTS* | D38: Filter set for GFP excitation of SZX-RFA, exciter filter BP460-490, dichroic mirror DM505, barrier filter BA510-550 | E38: HAWA | F38: 02 | G38: available | K38: 100210010618 | L38: Microscope Finished Goods | M38: MICROSCOPE | N38: ACCESSORY | O38: FLUORESCENCE CUBE | P38: 20 | R38: no change | T38: 3777 | U38: 1964.04 | V38: 0.48 | W38: HAWA MIS Conventional | X38: 90022000000 | Y38: JP | Z38: no
A39: 033782 | B39: 33782 | C39: SP-FL FL | D39: Stage plate set incl. black stage plate, low auto-fluorescent glass stage plate and stage plate adapter | E39: HAWA | F39: 02 | G39: available | K39: 100210010605 | L39: Microscope Finished Goods | M39: MICROSCOPE | N39: ACCESSORY | O39: STAGE / FOCUSING UNIT | P39: 20 | R39: no change | T39: 206 | U39: 107.12 | V39: 0.48 | W39: HAWA MIS Conventional | X39: 90119000000 | Y39: JP | Z39: no
A40: 033826 | B40: 33826 | C40: SZH-P400 PILLAR | D40: Pillar 400mm | E40: HAWA | F40: 02 | G40: available | K40: 100210010640 | L40: Microscope Finished Goods | M40: MICROSCOPE | N40: ACCESSORY | O40: STAND | P40: 2 | R40: no change | T40: 143 | U40: 74.36 | V40: 0.48 | W40: HAWA MIS Conventional | X40: 90119000000 | Y40: JP | Z40: no
A41: 033828 | B41: 33828 | C41: SZH-P600 PILLAR | D41: Pillar 600mm | E41: HAWA | F41: 02 | G41: available | K41: 100210010640 | L41: Microscope Finished Goods | M41: MICROSCOPE | N41: ACCESSORY | O41: STAND | P41: 2 | R41: no change | T41: 228 | U41: 118.56 | V41: 0.48 | W41: HAWA MIS Conventional | X41: 90119000000 | Y41: JP | Z41: no
A42: 033860 | B42: 33860 | C42: SZH-SG GLIDING STAGE | D42: Gliding stage | E42: HAWA | F42: 02 | G42: available | K42: 100210010605 | L42: Microscope Finished Goods | M42: MICROSCOPE | N42: ACCESSORY | O42: STAGE / FOCUSING UNIT | P42: 20 | R42: no change | T42: 323 | U42: 167.96 | V42: 0.48 | W42: HAWA MIS Conventional | X42: 90119000000 | Y42: JP | Z42: no
A43: 033861 | B43: 33861 | C43: SZH-SC | D43: Cup stage | E43: HAWA | F43: 02 | G43: available | K43: 100210010605 | L43: Microscope Finished Goods | M43: MICROSCOPE | N43: ACCESSORY | O43: STAGE / FOCUSING UNIT | P43: 2 | R43: no change | T43: 525 | U43: 273 | V43: 0.48 | W43: HAWA MIS Conventional | X43: 90119000000 | Y43: JP | Z43: no
A44: 033862 | B44: 33862 | C44: SZH-STAD1 STAGE ADAPTOR | D44: Stage adapter for BH2-SH | E44: HAWA | F44: 02 | G44: available | K44: 100210010640 | L44: Microscope Finished Goods | M44: MICROSCOPE | N44: ACCESSORY | O44: STAND | P44: 2 | R44: no change | T44: 178 | U44: 92.56 | V44: 0.48 | W44: HAWA MIS Conventional | X44: 90119000000 | Y44: JP | Z44: no
A45: 035013 | B45: 35013 | C45: 19-SQUARE 10/10X10 EYEP.M | D45: Eyepiece grid micrometer, 10x10mm/10 ticks, 19mm ø | E45: HAWA | F45: 02 | G45: available | K45: 100210069001 | L45: Microscope Finished Goods | M45: ACCESSORY | N45: ACCESSORY (A) | O45: TBD | P45: 27 | R45: no change | T45: 55 | U45: 28.6 | V45: 0.48 | W45: HAWA MIS Conventional | X45: 90173000000 | Y45: JP | Z45: no
A46: 035037 | B46: 35037 | C46: OB-M STAGE MICROMETER | D46: Stage micrometer for transmitted light, 1mm/100 ticks | E46: HAWA | F46: 02 | G46: available | K46: 100210069001 | L46: Microscope Finished Goods | M46: ACCESSORY | N46: ACCESSORY (A) | O46: TBD | P46: 2 | R46: no change | T46: 102 | U46: 53.04 | V46: 0.48 | W46: HAWA MIS Conventional | X46: 90173000000 | Y46: JP | Z46: no
A47: 035038 | B47: 35038 | C47: OB-MM STAGE MICROMETER | D47: Stage micrometer for reflected light, 1mm/100 ticks | E47: HAWA | F47: 02 | G47: available | K47: 100210069001 | L47: Microscope Finished Goods | M47: ACCESSORY | N47: ACCESSORY (A) | O47: TBD | P47: 2 | R47: no change | T47: 171 | U47: 88.92 | V47: 0.48 | W47: HAWA MIS Conventional | X47: 90173000000 | Y47: JP | Z47: no
... A126: 037156 | B126: 37156 | C126: U-BMAD | D126: Bayonet mount adapter | E126: HAWA | F126: 02 | G126: available | K126: 100210010602 | L126: Microscope Finished Goods | M126: MICROSCOPE | N126: ACCESSORY | O126: Intermediate Tube | P126: 63 | R126: no change | T126: 192 | U126: 99.84 | V126: 0.48 | W126: HAWA MIS Conventional | X126: 90119000000 | Y126: JP | Z126: no
A127: 037159 | B127: 37159 | C127: U-SMAD SONY MOUNT ADAPTOR | D127: Bayonet mount adapter for Sony ½" CCD camera | E127: HAWA | F127: 02 | G127: stock sellout | K127: 100210010602 | L127: Microscope Finished Goods | M127: MICROSCOPE | N127: ACCESSORY | O127: Intermediate Tube | P127: No Replenishment | R127: no change | T127: 224 | U127: 116.48 | V127: 0.48 | W127: HAWA MIS Conventional | X127: 90119000000 | Y127: JP | Z127: no
A128: 037160 | B128: 37160 | C128: U-TMAD | D128: T-mount adapter | E128: HAWA | F128: 02 | G128: available | K128: 100210010602 | L128: Microscope Finished Goods | M128: MICROSCOPE | N128: ACCESSORY | O128: Intermediate Tube | P128: 2 | R128: no change | T128: 224 | U128: 116.48 | V128: 0.48 | W128: HAWA MIS Conventional | X128: 90119000000 | Y128: JP | Z128: no
A129: 037161 | B129: 37161 | C129: U-CMT C-MOUNT ADAPTOR | D129: C-Mount Adapter | E129: HAWA | F129: 02 | G129: available | K129: 100210010602 | L129: Microscope Finished Goods | M129: MICROSCOPE | N129: ACCESSORY | O129: Intermediate Tube | P129: 20 | R129: no change | T129: 127 | U129: 66.04 | V129: 0.48 | W129: HAWA MIS Conventional | X129: 90119000000 | Y129: JP | Z129: no
A130: 037162 | B130: 37162 | C130: U-FMT F-MOUNT ADAPTOR | D130: F-mount adapter | E130: HAWA | F130: 02 | G130: available | K130: 100210010602 | L130: Microscope Finished Goods | M130: MICROSCOPE | N130: ACCESSORY | O130: Intermediate Tube | P130: 20 | R130: no change | T130: 136 | U130: 70.72 | V130: 0.48 | W130: HAWA MIS Conventional | X130: 90119000000 | Y130: JP | Z130: no
A131: 037185 | B131: 37185 | C131: BXFM-ILH ILLUMINATOR HOLDER | D131: Illuminator holder for mounting BXFM-F by BX-URA2 or BX-RLA2 , incl. screws WE402216 (4 pcs.) and caps AW0159 (2 pcs.) | E131: HAWA | F131: 02 | G131: available | K131: 100210010656 | L131: Microscope Finished Goods | M131: MICROSCOPE | N131: ACCESSORY | O131: FLUORESCENCE ATTACHMENT | P131: 20 | R131: no change | T131: 487 | U131: 253.24 | V131: 0.48 | W131: HAWA MIS Conventional | X131: 90119000000 | Y131: JP | Z131: no
A132: 037186 | B132: 37186 | C132: BXFM-ILHS | D132: Illuminator holder for mounting U-KMAS on BXFM-F incl. screws WE402051 (4 pcs.) | E132: HAWA | F132: 02 | G132: available | K132: 100210010656 | L132: Microscope Finished Goods | M132: MICROSCOPE | N132: ACCESSORY | O132: FLUORESCENCE ATTACHMENT | P132: 2 | R132: no change | T132: 202 | U132: 105.04 | V132: 0.48 | W132: HAWA MIS Conventional | X132: 90119000000 | Y132: JP | Z132: no
A133: 037187 | B133: 37187 | C133: BXFM-ILHSPU COUNTER SPRING | D133: Assist spring for BXFM-ILH incl. WE402042 (4 pcs.), if the weight on the focusing unit is more than 7.5kg, the use of the assist spring BXFM-ILHSPU is necessary. | E133: HAWA | F133: 02 | G133: available | K133: 100210010656 | L133: Microscope Finished Goods | M133: MICROSCOPE | N133: ACCESSORY | O133: FLUORESCENCE ATTACHMENT | P133: 2 | R133: no change | T133: 543 | U133: 282.36 | V133: 0.48 | W133: HAWA MIS Conventional | X133: 73202081900 | Y133: JP | Z133: no
A134: 037188 | B134: 37188 | C134: U-KMAS | D134: Compact brightfield reflected light illuminator with dove tail mount, for U-LH-100 lamp house or U-LGAD fiber adapter, two filter slots, one slot for polarizer and one slot for analyzer | E134: HAWA | F134: 02 | G134: available | K134: 100210010656 | L134: Microscope Finished Goods | M134: MICROSCOPE | N134: ACCESSORY | O134: FLUORESCENCE ATTACHMENT | P134: 2 | R134: no change | T134: 1357 | U134: 705.64 | V134: 0.48 | W134: HAWA MIS Conventional | X134: 94054990900 | Y134: JP | Z134: no
A135: 037212 | B135: 37212 | C135: U-MDO-ST PILLAR F. U-MDO10R | D135: Supporting stand | E135: HAWA | F135: 02 | G135: available | K135: 100210069585 | L135: Microscope Finished Goods | M135: ACCESSORY | N135: ACCESSORY (B) | O135: TBD | P135: 20 | R135: no change | T135: 468 | U135: 243.36 | V135: 0.48 | W135: HAWA MIS Conventional | X135: 90119000000 | Y135: JP | Z135: no
A136: 037216 | B136: 37216 | C136: U-CPA INTERMEDIATE POLARIZ.ATT | D136: Intermediate tube for conoscopy, with Bertrand lens | E136: HAWA | F136: 02 | G136: available | K136: 100210010602 | L136: Microscope Finished Goods | M136: MICROSCOPE | N136: ACCESSORY | O136: Intermediate Tube | P136: 2 | R136: no change | T136: 2839 | U136: 1476.28 | V136: 0.48 | W136: HAWA MIS Conventional | X136: 90021900000 | Y136: JP | Z136: no
A137: 037217 | B137: 37217 | C137: U-OPA | D137: Intermediate tube for orthoscopy | E137: HAWA | F137: 02 | G137: available | K137: 100210010602 | L137: Microscope Finished Goods | M137: MICROSCOPE | N137: ACCESSORY | O137: Intermediate Tube | P137: 2 | R137: no change | T137: 959 | U137: 498.68 | V137: 0.48 | W137: HAWA MIS Conventional | X137: 90119000000 | Y137: JP | Z137: no
A138: 037219 | B138: 37219 | C138: U-DA MACRO/DRAWING ATTACHMENT | D138: Macro/Drawing attachment | E138: HAWA | F138: 02 | G138: available | K138: 100210010602 | L138: Microscope Finished Goods | M138: MICROSCOPE | N138: ACCESSORY | O138: Intermediate Tube | P138: 20 | R138: no change | T138: 2609 | U138: 1356.68 | V138: 0.48 | W138: HAWA MIS Conventional | X138: 90119000000 | Y138: JP | Z138: no
A139: 037220 | B139: 37220 | C139: U-KPA | D139: Intermediate tube to accept tint plates, compensators and analyser. | E139: HAWA | F139: 02 | G139: available | K139: 100210010602 | L139: Microscope Finished Goods | M139: MICROSCOPE | N139: ACCESSORY | O139: Intermediate Tube | P139: 2 | R139: no change | T139: 726 | U139: 377.52 | V139: 0.48 | W139: HAWA MIS Conventional | X139: 90119000000 | Y139: JP | Z139: no
... A159: 037405 | B159: 37405 | C159: U-P4RE | D159: Quadruple revolving nosepiece with centering device | E159: HAWA | F159: 02 | G159: available | K159: 100210010604 | L159: Microscope Finished Goods | M159: MICROSCOPE | N159: ACCESSORY | O159: REVOLVING NOSEPIECE | P159: 2 | R159: no change | T159: 1144 | U159: 594.88 | V159: 0.48 | W159: HAWA MIS Conventional | X159: 90119000000 | Y159: JP | Z159: no
A160: 037408 | B160: 37408 | C160: U-SLRE slide-nosepiece*BTS* | D160: Dual slide-in/out nosepiece, with special mount for low magnification fluorescence objective XLFLUOR4x/340 (37580) and XLFLUOR2X/340 (38177). Second position accepts standard UIS objectives. | E160: HAWA | F160: 02 | G160: available | K160: 100210010604 | L160: Microscope Finished Goods | M160: MICROSCOPE | N160: ACCESSORY | O160: REVOLVING NOSEPIECE | P160: LT on Request | R160: no change | T160: 2307 | U160: 1199.64 | V160: 0.48 | W160: HAWA MIS Conventional | X160: 90119000000 | Y160: JP | Z160: no
A161: 037409 | B161: 37409 | C161: U-5RE-2 QUINTUPLE NOSEPIECE | D161: Quintuple revolving nosepiece | E161: HAWA | F161: 02 | G161: available | K161: 100210010604 | L161: Microscope Finished Goods | M161: MICROSCOPE | N161: ACCESSORY | O161: REVOLVING NOSEPIECE | P161: 2 | R161: no change | T161: 252 | U161: 131.04 | V161: 0.48 | W161: HAWA MIS Conventional | X161: 90119000000 | Y161: JP | Z161: no
A162: 037410 | B162: 37410 | C162: U-D7RE REVOLV.NOSEPIECE F.DIC | D162: Septuple revolving nosepiece with a slot for analyser or DIC slider. | E162: HAWA | F162: 02 | G162: available | K162: 100210010604 | L162: Microscope Finished Goods | M162: MICROSCOPE | N162: ACCESSORY | O162: REVOLVING NOSEPIECE | P162: 2 | R162: no change | T162: 883 | U162: 459.16 | V162: 0.48 | W162: HAWA MIS Conventional | X162: 90119000000 | Y162: JP | Z162: no
A163: 037414 | B163: 37414 | C163: U-P6RE CENTERABLE REVOLV.NOSE | D163: Sextuple revolving nosepiece with two centerable objective positions and with slot for analyser or DIC slider. | E163: HAWA | F163: 02 | G163: available | K163: 100210010604 | L163: Microscope Finished Goods | M163: MICROSCOPE | N163: ACCESSORY | O163: REVOLVING NOSEPIECE | P163: 2 | R163: no change | T163: 1365 | U163: 709.8 | V163: 0.48 | W163: HAWA MIS Conventional | X163: 90119000000 | Y163: JP | Z163: no
A164: 037415 | B164: 37415 | C164: U-P5BDRE *BTS* | D164: Quintuple revolving nosepiece with two centerable objective positions, for darkfield objectives; or brightfield objectives with BD-M-AD adapter, with slot for DIC slider or U-TAD plate adapter. | E164: HAWA | F164: 02 | G164: available | K164: 100210010604 | L164: Microscope Finished Goods | M164: MICROSCOPE | N164: ACCESSORY | O164: REVOLVING NOSEPIECE | P164: 20 | R164: no change | T164: 2045 | U164: 1063.4 | V164: 0.48 | W164: HAWA MIS Conventional | X164: 90119000000 | Y164: JP | Z164: no
A165: 037416 | B165: 37416 | C165: U-D6BDRE REV.NOSEPIECE BF/DF/D | D165: Sextuple revolving nosepiece for darkfield objectives; or brightfield objectives with BD-M-AD adapter, with slot for DIC slider or U-TAD plate adapter. | E165: HAWA | F165: 02 | G165: available | K165: 100210010604 | L165: Microscope Finished Goods | M165: MICROSCOPE | N165: ACCESSORY | O165: REVOLVING NOSEPIECE | P165: 2 | R165: no change | T165: 1385 | U165: 720.2 | V165: 0.48 | W165: HAWA MIS Conventional | X165: 90119000000 | Y165: JP | Z165: no
A166: 037438 | B166: 37438 | C166: U-RCV COLLECTOR LENS F. DF | D166: Darkfield conversion lens, incl. DF insert AD6268, to be used with high power light sources only | E166: HAWA | F166: 02 | G166: available | K166: 100210010620 | L166: Microscope Finished Goods | M166: MICROSCOPE | N166: ACCESSORY | O166: OTHER ACCESSORY | P166: 2 | R166: no change | T166: 709 | U166: 368.68 | V166: 0.48 | W166: HAWA MIS Conventional | X166: 90021100900 | Y166: JP | Z166: no
A167: 037440 | B167: 37440 | C167: U-MSSPG GLASS PLATE F.U-SIC4R/ | D167: Glass stage plate for SIC4 stage | E167: HAWA | F167: 02 | G167: available | K167: 100210010605 | L167: Microscope Finished Goods | M167: MICROSCOPE | N167: ACCESSORY | O167: STAGE / FOCUSING UNIT | P167: 20 | R167: no change | T167: 508 | U167: 264.16 | V167: 0.48 | W167: HAWA MIS Conventional | X167: 70140000100 | Y167: JP | Z167: no
A168: 037450 | B168: 37450 | C168: U-SVRB-4 STAGE W/RIGHT CONTROL | D168: Mechanical stage with unique rackless design, ceramic surface, 250° rotatable, right-hand low drive control, protected tension adjustment mechanism for x and y movement, travel range: 76x52 mm. | E168: HAWA | F168: 02 | G168: available | K168: 100210010605 | L168: Microscope Finished Goods | M168: MICROSCOPE | N168: ACCESSORY | O168: STAGE / FOCUSING UNIT | P168: 2 | R168: no change | T168: 923 | U168: 479.96 | V168: 0.48 | W168: HAWA MIS Conventional | X168: 90119000000 | Y168: JP | Z168: no
A169: 037451 | B169: 37451 | C169: U-SVLB-4 STAGE W/LEFT CONTROL | D169: Mechanical stage with unique rackless design, ceramic surface, 250° rotatable, left-hand low drive control, protected tension adjustment mechanism for x and y movement, travel range: 76x52 mm. | E169: HAWA | F169: 02 | G169: available | K169: 100210010605 | L169: Microscope Finished Goods | M169: MICROSCOPE | N169: ACCESSORY | O169: STAGE / FOCUSING UNIT | P169: 2 | R169: no change | T169: 913 | U169: 474.76 | V169: 0.48 | W169: HAWA MIS Conventional | X169: 90119000000 | Y169: JP | Z169: no
A170: 037452 | B170: 37452 | C170: U-HLS-4 SPECIMEN HOLDER, LEFT | D170: Thin specimen holder for single slide 24x76 mm, spring on left side. | E170: HAWA | F170: 02 | G170: available | K170: 100210010605 | L170: Microscope Finished Goods | M170: MICROSCOPE | N170: ACCESSORY | O170: STAGE / FOCUSING UNIT | P170: 2 | R170: no change | T170: 115 | U170: 59.8 | V170: 0.48 | W170: HAWA MIS Conventional | X170: 90119000000 | Y170: JP | Z170: no
A171: 037453 | B171: 37453 | C171: U-HRDT-4 DUAL SPECIMEN HOLDER | D171: Dual specimen holder for one or two specimen (right positioned, spring loaded finger). | E171: HAWA | F171: 02 | G171: available | K171: 100210010605 | L171: Microscope Finished Goods | M171: MICROSCOPE | N171: ACCESSORY | O171: STAGE / FOCUSING UNIT | P171: 2 | R171: no change | T171: 115 | U171: 59.8 | V171: 0.48 | W171: HAWA MIS Conventional | X171: 90119000000 | Y171: JP | Z171: no
A172: 037454 | B172: 37454 | C172: U-HLDT-4 DUAL SPECIMEN HOLDER | D172: Dual specimen holder for one or two specimens (left positioned, spring loaded finger). | E172: HAWA | F172: 02 | G172: available | K172: 100210010605 | L172: Microscope Finished Goods | M172: MICROSCOPE | N172: ACCESSORY | O172: STAGE / FOCUSING UNIT | P172: 2 | R172: no change | T172: 115 | U172: 59.8 | V172: 0.48 | W172: HAWA MIS Conventional | X172: 90119000000 | Y172: JP | Z172: no
... A219: 037839 | B219: 37839 | C219: 25FR FROSTED FILTER | D219: Diffuser (frosted), 25mm ø | E219: HAWA | F219: 02 | G219: available | K219: 100210010601 | L219: Microscope Finished Goods | M219: MICROSCOPE | N219: ACCESSORY | O219: PHOTO SYSTEM / FILTER SLIDER | P219: 20 | R219: no change | T219: 55 | U219: 28.6 | V219: 0.48 | W219: HAWA MIS Conventional | X219: 90022000000 | Y219: JP | Z219: no
A220: 037847 | B220: 37847 | C220: BX45-PO | D220: Polariser for transmitted light to insert into the slot of BX45TF, includes empty slider for U-ANT. | E220: HAWA | F220: 02 | G220: stock sellout | K220: 100210010609 | L220: Microscope Finished Goods | M220: MICROSCOPE | N220: ACCESSORY | O220: LAMP / FILTER | P220: 2 | R220: availability | S220: discontinued (stock sellout) - item available until inventory depleted | T220: 515 | U220: 267.8 | V220: 0.48 | W220: HAWA MIS Conventional | X220: 90022000000 | Y220: JP | Z220: no
A221: 037849 | B221: 37849 | C221: U-FC | D221: Filter cassette for transmitted light with 3 filter slots | E221: HAWA | F221: 02 | G221: available | K221: 100210010620 | L221: Microscope Finished Goods | M221: MICROSCOPE | N221: ACCESSORY | O221: OTHER ACCESSORY | P221: 2 | R221: no change | T221: 138 | U221: 71.76 | V221: 0.48 | W221: HAWA MIS Conventional | X221: 90022000000 | Y221: JP | Z221: no
A222: 037853 | B222: 37853 | C222: U-ANT ANALYZER F.TL | D222: Analyser for transmitted light to insert into the slider of the CX40/CX41 frame or the revolving nosepieces U-D7RE, U-P6RE, U-D6RE, U-D5BDRE, U-D6REM, U-D6BDREM, U-SRE as well as the sliders U-DICT and U-TAD. | E222: HAWA | F222: 02 | G222: available | K222: 100210010609 | L222: Microscope Finished Goods | M222: MICROSCOPE | N222: ACCESSORY | O222: LAMP / FILTER | P222: 2 | R222: no change | T222: 341 | U222: 177.32 | V222: 0.48 | W222: HAWA MIS Conventional | X222: 90029000900 | Y222: JP | Z222: no
A223: 037855 | B223: 37855 | C223: U-POT POLARIZER F.TL | D223: Polariser for transmitted light. | E223: HAWA | F223: 02 | G223: available | K223: 100210010609 | L223: Microscope Finished Goods | M223: MICROSCOPE | N223: ACCESSORY | O223: LAMP / FILTER | P223: 2 | R223: no change | T223: 343 | U223: 178.36 | V223: 0.48 | W223: HAWA MIS Conventional | X223: 90022000000 | Y223: JP | Z223: no
A224: 037859 | B224: 37859 | C224: U-GAN GOUT ANALYZER F.TL | D224: Gout diagnostic slider to be inserted in D-nosepieces and slot of CX41. | E224: HAWA | F224: 02 | G224: available | K224: 100210010620 | L224: Microscope Finished Goods | M224: MICROSCOPE | N224: ACCESSORY | O224: OTHER ACCESSORY | P224: 2 | R224: no change | T224: 1298 | U224: 674.96 | V224: 0.48 | W224: HAWA MIS Conventional | X224: 90029000900 | Y224: JP | Z224: no
A225: 037861 | B225: 37861 | C225: U-TAD ADAPTOR F.COMPENSATORS | D225: Slider for U-ANT, test plates and compensators. | E225: HAWA | F225: 02 | G225: available | K225: 100210010609 | L225: Microscope Finished Goods | M225: MICROSCOPE | N225: ACCESSORY | O225: LAMP / FILTER | P225: 2 | R225: no change | T225: 345 | U225: 179.4 | V225: 0.48 | W225: HAWA MIS Conventional | X225: 90119000000 | Y225: JP | Z225: no
A226: 037862 | B226: 37862 | C226: U-AN360P GRADUATE ROT.ANALYZER | D226: Graduated rotatable analyser. | E226: HAWA | F226: 02 | G226: available | K226: 100210010609 | L226: Microscope Finished Goods | M226: MICROSCOPE | N226: ACCESSORY | O226: LAMP / FILTER | P226: 2 | R226: no change | T226: 1473 | U226: 765.96 | V226: 0.48 | W226: HAWA MIS Conventional | X226: 90029000900 | Y226: JP | Z226: no
A227: 037863 | B227: 37863 | C227: U-TP530 TINT PLATE RED #I | D227: Sensitive tint plate, red No. 1. | E227: HAWA | F227: 02 | G227: available | K227: 100210010609 | L227: Microscope Finished Goods | M227: MICROSCOPE | N227: ACCESSORY | O227: LAMP / FILTER | P227: 2 | R227: no change | T227: 807 | U227: 419.64 | V227: 0.48 | W227: HAWA MIS Conventional | X227: 90119000000 | Y227: JP | Z227: no
A228: 037864 | B228: 37864 | C228: U-TP137 QUATER WAVELENGTH PLAT | D228: ¼-wavelength plate. | E228: HAWA | F228: 02 | G228: available | K228: 100210010609 | L228: Microscope Finished Goods | M228: MICROSCOPE | N228: ACCESSORY | O228: LAMP / FILTER | P228: 2 | R228: no change | T228: 534 | U228: 277.68 | V228: 0.48 | W228: HAWA MIS Conventional | X228: 90230080000 | Y228: JP | Z228: no
A229: 037865 | B229: 37865 | C229: U-CSE | D229: Senarmont compensator 0-1 lambda. | E229: HAWA | F229: 02 | G229: stock sellout | K229: 100210010609 | L229: Microscope Finished Goods | M229: MICROSCOPE | N229: ACCESSORY | O229: LAMP / FILTER | P229: 20 | R229: no change | T229: 721 | U229: 374.92 | V229: 0.48 | W229: HAWA MIS Conventional | X229: 90029000900 | Y229: JP | Z229: no
A230: 037866 | B230: 37866 | C230: U-CBE BEREK COMPENSATOR 0-3 | D230: Berek compensator 0-3 lambda. | E230: HAWA | F230: 02 | G230: available | K230: 100210010609 | L230: Microscope Finished Goods | M230: MICROSCOPE | N230: ACCESSORY | O230: LAMP / FILTER | P230: 20 | R230: no change | T230: 2609 | U230: 1356.68 | V230: 0.48 | W230: HAWA MIS Conventional | X230: 90021900000 | Y230: JP | Z230: no
A231: 037870 | B231: 37870 | C231: U-CTB THICK BEREK COMPEN.0-20A | D231: Thick Berek compensator 0-20 lambda. | E231: HAWA | F231: 02 | G231: available | K231: 100210010609 | L231: Microscope Finished Goods | M231: MICROSCOPE | N231: ACCESSORY | O231: LAMP / FILTER | P231: 20 | R231: no change | T231: 2731 | U231: 1420.12 | V231: 0.48 | W231: HAWA MIS Conventional | X231: 90021900000 | Y231: JP | Z231: no
A232: 037875 | B232: 37875 | C232: IX-LWPO | D232: Polarizer for IX-LWUCD | E232: HAWA | F232: 02 | G232: available | K232: 100210010609 | L232: Microscope Finished Goods | M232: MICROSCOPE | N232: ACCESSORY | O232: LAMP / FILTER | P232: 2 | R232: no change | T232: 1039 | U232: 540.28 | V232: 0.48 | W232: HAWA MIS Conventional | X232: 90022000000 | Y232: JP | Z232: no
... A234: 037878 | B234: 37878 | C234: U-AN360IR ANALYZER 360° F.IR | D234: 360° rotatable analyzer slider for infrared applications | E234: HAWA | F234: 02 | G234: available | K234: 100210010606 | L234: Microscope Finished Goods | M234: MICROSCOPE | N234: ACCESSORY | O234: CONDENSER / OPTICAL ELEMENT | P234: 20 | R234: no change | T234: 1906 | U234: 991.12 | V234: 0.48 | W234: HAWA MIS Conventional | X234: 90119000000 | Y234: JP | Z234: no
A235: 037882 | B235: 37882 | C235: U-DICR | D235: DIC Prism slider for reflected light | E235: HAWA | F235: 02 | G235: stock sellout | K235: 100210010609 | L235: Microscope Finished Goods | M235: MICROSCOPE | N235: ACCESSORY | O235: LAMP / FILTER | P235: 2 | R235: availability | S235: discontinued (stock sellout) - item available until inventory depleted | T235: 3978 | U235: 2068.56 | V235: 0.48 | W235: HAWA MIS Conventional | X235: 90029000900 | Y235: JP | Z235: no
A236: 037888 | B236: 37888 | C236: U-DICTS Shifting Dic Prism Sli | D236: Height adjustable DIC Prism slider (white label) with two positions, for transmitted light, suitable for nosepiece. | E236: HAWA | F236: 02 | G236: available | K236: 100210010609 | L236: Microscope Finished Goods | M236: MICROSCOPE | N236: ACCESSORY | O236: LAMP / FILTER | P236: 20 | R236: no change | T236: 4936 | U236: 2566.72 | V236: 0.48 | W236: HAWA MIS Conventional | X236: 90029000900 | Y236: JP | Z236: no
A237: 037926 | B237: 37926 | C237: U-25FR FILTER FROSTED | D237: Filter slider containing a diffusion filter, filter diameter 25mm | E237: HAWA | F237: 02 | G237: available | K237: 100210010601 | L237: Microscope Finished Goods | M237: MICROSCOPE | N237: ACCESSORY | O237: PHOTO SYSTEM / FILTER SLIDER | P237: 2 | R237: no change | T237: 74 | U237: 38.48 | V237: 0.48 | W237: HAWA MIS Conventional | X237: 90022000000 | Y237: JP | Z237: no
A238: 037927 | B238: 37927 | C238: U-25IF550 | D238: Filter slider with Interference filter IF550 (green), filter diameter 25mm | E238: HAWA | F238: 02 | G238: available | K238: 100210010601 | L238: Microscope Finished Goods | M238: MICROSCOPE | N238: ACCESSORY | O238: PHOTO SYSTEM / FILTER SLIDER | P238: 20 | R238: no change | T238: 158 | U238: 82.16 | V238: 0.48 | W238: HAWA MIS Conventional | X238: 90022000000 | Y238: JP | Z238: no
A239: 037928 | B239: 37928 | C239: U-25L42 L42 FIL.F.HG LIGHT*BTS | D239: Filter slider with UV cut filter L42, filter diameter 25mm, used to prevent the polarizer from being burned by high-intensity light sources | E239: HAWA | F239: 02 | G239: available | K239: 100210010601 | L239: Microscope Finished Goods | M239: MICROSCOPE | N239: ACCESSORY | O239: PHOTO SYSTEM / FILTER SLIDER | P239: 20 | R239: no change | T239: 167 | U239: 86.84 | V239: 0.48 | W239: HAWA MIS Conventional | X239: 90022000000 | Y239: JP | Z239: no
A240: 037929 | B240: 37929 | C240: U-25LBD | D240: Filter slider with colour conversion filter for day light compensation, filter 25mm | E240: HAWA | F240: 02 | G240: available | K240: 100210010601 | L240: Microscope Finished Goods | M240: MICROSCOPE | N240: ACCESSORY | O240: PHOTO SYSTEM / FILTER SLIDER | P240: 20 | R240: no change | T240: 111 | U240: 57.72 | V240: 0.48 | W240: HAWA MIS Conventional | X240: 90022000000 | Y240: JP | Z240: no
A241: 037930 | B241: 37930 | C241: U-25Y48 FILTER YELLOW*BTS* | D241: Filter slider with Y48 (yellow), filter diameter 25mm | E241: HAWA | F241: 02 | G241: available | K241: 100210010601 | L241: Microscope Finished Goods | M241: MICROSCOPE | N241: ACCESSORY | O241: PHOTO SYSTEM / FILTER SLIDER | P241: 2 | R241: no change | T241: 167 | U241: 86.84 | V241: 0.48 | W241: HAWA MIS Conventional | X241: 90022000000 | Y241: JP | Z241: no
A242: 037931 | B242: 37931 | C242: U-DICTHR *BTS* | D242: Height adjustable DIC Prism slider (blue label) with two positions, for transmitted light and high resolution, suitable for nosepiece | E242: HAWA | F242: 02 | G242: available | K242: 100210010609 | L242: Microscope Finished Goods | M242: MICROSCOPE | N242: ACCESSORY | O242: LAMP / FILTER | P242: 20 | R242: no change | T242: 4950 | U242: 2574 | V242: 0.48 | W242: HAWA MIS Conventional | X242: 90119000000 | Y242: JP | Z242: no
A243: 037938 | B243: 37938 | C243: U-BP1100IR FILTER BP1100 F.IR | D243: Filter slider with band pass filter BP1100, for infrared application, filter diameter 25mm | E243: HAWA | F243: 02 | G243: available | K243: 100210010606 | L243: Microscope Finished Goods | M243: MICROSCOPE | N243: ACCESSORY | O243: CONDENSER / OPTICAL ELEMENT | P243: 2 | R243: no change | T243: 2142 | U243: 1113.84 | V243: 0.48 | W243: HAWA MIS Conventional | X243: 90022000000 | Y243: JP | Z243: no
A244: 037939 | B244: 37939 | C244: U-BP1200IR | D244: Filter slider with band pass filter BP1200, for infrared application, filter diameter 25mm | E244: HAWA | F244: 02 | G244: available | K244: 100210010606 | L244: Microscope Finished Goods | M244: MICROSCOPE | N244: ACCESSORY | O244: CONDENSER / OPTICAL ELEMENT | P244: 20 | R244: no change | T244: 2257 | U244: 1173.64 | V244: 0.48 | W244: HAWA MIS Conventional | X244: 90022000000 | Y244: JP | Z244: no
A245: 037972 | B245: 37972 | C245: U-CLA COLLECTOR LENS ADJUSTM.K | D245: Collector lens and lamp socket adjustment tool | E245: HAWA | F245: 02 | G245: available | K245: 100210010605 | L245: Microscope Finished Goods | M245: MICROSCOPE | N245: ACCESSORY | O245: STAGE / FOCUSING UNIT | P245: 80 | R245: no change | T245: 311 | U245: 161.72 | V245: 0.48 | W245: HAWA MIS Conventional | X245: 90178090000 | Y245: JP | Z245: no
A246: 037973 | B246: 37973 | C246: U-CST | D246: Centering specimen for reflected light with target | E246: HAWA | F246: 02 | G246: available | K246: 100210010609 | L246: Microscope Finished Goods | M246: MICROSCOPE | N246: ACCESSORY | O246: LAMP / FILTER | P246: 20 | R246: no change | T246: 74 | U246: 38.48 | V246: 0.48 | W246: HAWA MIS Conventional | X246: 90119000000 | Y246: JP | Z246: no
A247: 038159 | B247: 38159 | C247: DUST COVER f.CX31/41, CX20 | D247: Dust cover for CX41 and CX31 | E247: HAWA | F247: 02 | G247: stock sellout | K247: 100210010680 | L247: Microscope Finished Goods | M247: MICROSCOPE | N247: ACCESSORY | O247: DUST COVER | P247: 2 | R247: availability | S247: discontinued (stock sellout) - item available until inventory depleted | T247: 20 | U247: 10.4 | V247: 0.48 | W247: HAWA MIS Conventional | X247: 39269097900 | Y247: JP | Z247: no
A248: 038163 | B248: 38163 | C248: U-TVCAC *BTS* | D248: C-mount video magnification changer for NIR application, 4 position turret with 1x, 2x, 4x lens and shutter. | E248: HAWA | F248: 02 | G248: available | K248: 100210010601 | L248: Microscope Finished Goods | M248: MICROSCOPE | N248: ACCESSORY | O248: PHOTO SYSTEM / FILTER SLIDER | P248: 20 | R248: no change | T248: 6342 | U248: 3297.84 | V248: 0.48 | W248: HAWA MIS Conventional | X248: 90119000000 | Y248: JP | Z248: no
A249: 038165 | B249: 38165 | C249: U-CMDPTS | D249: C-mount adapter for the top and side port of U-DPTS (38165) | E249: HAWA | F249: 02 | G249: available | K249: 100210010602 | L249: Microscope Finished Goods | M249: MICROSCOPE | N249: ACCESSORY | O249: Intermediate Tube | P249: 80 | R249: no change | T249: 483 | U249: 251.16 | V249: 0.48 | W249: HAWA MIS Conventional | X249: 90119000000 | Y249: JP | Z249: no
A250: 038178 | B250: 38178 | C250: WI-ARMAD ARM RISING ADAPTER | D250: 40 mm arm raising adapter to expand the space between stage and objective for BX2 series frames. | E250: HAWA | F250: 02 | G250: available | K250: 100210010604 | L250: Microscope Finished Goods | M250: MICROSCOPE | N250: ACCESSORY | O250: REVOLVING NOSEPIECE | P250: 25 | R250: no change | T250: 937 | U250: 487.24 | V250: 0.48 | W250: HAWA MIS Conventional | X250: 90119000000 | Y250: JP | Z250: no
A251: 038180 | B251: 38180 | C251: WI-RMSAD RMS OBJ.ADAPTER*BTS* | D251: RMS thread adapter for UIS objectives, for WI-SNPXLU nosepiece. | E251: HAWA | F251: 02 | G251: available | K251: 100210010604 | L251: Microscope Finished Goods | M251: MICROSCOPE | N251: ACCESSORY | O251: REVOLVING NOSEPIECE | P251: 20 | R251: no change | T251: 265 | U251: 137.8 | V251: 0.48 | W251: HAWA MIS Conventional | X251: 90021900000 | Y251: JP | Z251: no
A252: 038181 | B252: 38181 | C252: WI-FSH | D252: Fixed stage adapter for IX-SVL2 (38182) or WI-STAD (38755). | E252: HAWA | F252: 02 | G252: available | K252: 100210010605 | L252: Microscope Finished Goods | M252: MICROSCOPE | N252: ACCESSORY | O252: STAGE / FOCUSING UNIT | P252: 20 | R252: no change | T252: 265 | U252: 137.8 | V252: 0.48 | W252: HAWA MIS Conventional | X252: 90119000000 | Y252: JP | Z252: no
A253: 038182 | B253: 38182 | C253: IX-SVL2 3-LAYER STAGE LEFT HAN | D253: Mechanical stage (260 mm x 201 mm) with left-hand tension adjustable coaxial X-Y control, traverse: 50 mm x 43 mm. BX51WI and BX61WI frames need the WI-FSH (38181) stage adapter. | E253: HAWA | F253: 02 | G253: available | K253: 100210010605 | L253: Microscope Finished Goods | M253: MICROSCOPE | N253: ACCESSORY | O253: STAGE / FOCUSING UNIT | P253: 2 | R253: no change | T253: 2307 | U253: 1199.64 | V253: 0.48 | W253: HAWA MIS Conventional | X253: 90119000000 | Y253: JP | Z253: no
A254: 038183 | B254: 38183 | C254: WI-DICD | D254: Long working distance (5.7 mm) single position condenser for BF/POL/DIC, strain-free achromatic/aplanatic correction with NA 0.8, built-in 360° rotatable quarter plate for DIC microscopy, IR compatible. | E254: HAWA | F254: 02 | G254: available | K254: 100210010606 | L254: Microscope Finished Goods | M254: MICROSCOPE | N254: ACCESSORY | O254: CONDENSER / OPTICAL ELEMENT | P254: 2 | R254: no change | T254: 1387 | U254: 721.24 | V254: 0.48 | W254: HAWA MIS Conventional | X254: 90021900000 | Y254: JP | Z254: no
...

Sheet Stamou Lab, Ixplore
A1: Item no. | B1: EA | C1: Description | D1: Evident list price | E1: Evident price total | F1: Evident discount | G1: Evident sales price | H1: BH List price | I1: Discount | J1: BH Purchase, EUR | K1: BH purchase price, DKK | L1: BH purchase price, with external at direct pricing, net
A2: N6398900 | B2: 1 | C2: =VLOOKUP(A2,'Distrib. Pricing Only Full'!A:W,3,FALSE) -> IX83P2ZF-1-3 2port w. ZDC port | D2: 139368 | E2: =B2*D2 -> 139368 | F2: 27 | G2: =B2*D2*(100-F2)/100 -> 101738.64 | H2: =VLOOKUP(A2,'Distrib. Pricing Only Full'!A:W,20,FALSE) -> 17636 | I2: =VLOOKUP(A2,'Distrib. Pricing Only Full'!A:X,22,FALSE) -> 0.48 | J2: =VLOOKUP(A2,'Distrib. Pricing Only Full'!A:Y,21,FALSE) -> 9170.72 | K2: =J2*7.44*B2 -> 68230.157 | L2: =K2 -> 68230.157
A3: N4233900 | B3: 1 | C3: =VLOOKUP(A3,'Distrib. Pricing Only Full'!A:W,3,FALSE) -> IX3-CBH Control box | D3: 50239 | E3: =B3*D3 -> 50239 | F3: 27 | G3: =B3*D3*(100-F3)/100 -> 36674.47 | H3: =VLOOKUP(A3,'Distrib. Pricing Only Full'!A:W,20,FALSE) -> 6227 | I3: =VLOOKUP(A3,'Distrib. Pricing Only Full'!A:X,22,FALSE) -> 0.48 | J3: =VLOOKUP(A3,'Distrib. Pricing Only Full'!A:Y,21,FALSE) -> 3238.04 | K3: =J3*7.44*B3 -> 24091.018 | L3: =K3 -> 24091.018
A4: N2758600 | B4: 1 | C4: =VLOOKUP(A4,'Distrib. Pricing Only Full'!A:W,3,FALSE) -> C1394A Firewire Kabel | D4: 642 | E4: =B4*D4 -> 642 | F4: 27 | G4: =B4*D4*(100-F4)/100 -> 468.66 | H4: =VLOOKUP(A4,'Distrib. Pricing Only Full'!A:W,20,FALSE) -> 81 | I4: =VLOOKUP(A4,'Distrib. Pricing Only Full'!A:X,22,FALSE) -> 0.48 | J4: =VLOOKUP(A4,'Distrib. Pricing Only Full'!A:Y,21,FALSE) -> 42.12 | K4: =J4*7.44*B4 -> 313.3728 | L4: =K4 -> 313.3728
A5: N5205500 | B5: 1 | C5: =VLOOKUP(A5,'Distrib. Pricing Only Full'!A:W,3,FALSE) -> U-MCZ-1-2 control unit | D5: 8556 | E5: =B5*D5 -> 8556 | F5: 27 | G5: =B5*D5*(100-F5)/100 -> 6245.88 | H5: =VLOOKUP(A5,'Distrib. Pricing Only Full'!A:W,20,FALSE) -> 1084 | I5: =VLOOKUP(A5,'Distrib. Pricing Only Full'!A:X,22,FALSE) -> 0.48 | J5: =VLOOKUP(A5,'Distrib. Pricing Only Full'!A:Y,21,FALSE) -> 563.68 | K5: =J5*7.44*B5 -> 4193.7792 | L5: =K5 -> 4193.7792
A6: N5727300 | B6: 1 | C6: =VLOOKUP(A6,'Distrib. Pricing Only Full'!A:W,3,FALSE) -> U-IFCBL200-1-2 intface cbl 2 m | D6: 2123 | E6: =B6*D6 -> 2123 | F6: 27 | G6: =B6*D6*(100-F6)/100 -> 1549.79 | H6: =VLOOKUP(A6,'Distrib. Pricing Only Full'!A:W,20,FALSE) -> 270 | I6: =VLOOKUP(A6,'Distrib. Pricing Only Full'!A:X,22,FALSE) -> 0.48 | J6: =VLOOKUP(A6,'Distrib. Pricing Only Full'!A:Y,21,FALSE) -> 140.4 | K6: =J6*7.44*B6 -> 1044.576 | L6: =K6 -> 1044.576
A7: 035425 | B7: 15 | C7: =VLOOKUP(A7,'Distrib. Pricing Only Full'!A:W,3,FALSE) -> UYCP POWER CORD | D7: 127 | E7: =B7*D7 -> 1905 | F7: 27 | G7: =B7*D7*(100-F7)/100 -> 1390.65 | H7: =VLOOKUP(A7,'Distrib. Pricing Only Full'!A:W,20,FALSE) -> 18 | I7: =VLOOKUP(A7,'Distrib. Pricing Only Full'!A:X,22,FALSE) -> 0.25 | J7: =VLOOKUP(A7,'Distrib. Pricing Only Full'!A:Y,21,FALSE) -> 13.5 | K7: =J7*7.44*B7 -> 1506.6 | L7: =K7 -> 1506.6
A8: N4234100 | B8: 1 | C8: =VLOOKUP(A8,'Distrib. Pricing Only Full'!A:W,3,FALSE) -> #N/A | D8: 6628 | E8: =B8*D8 -> 6628 | F8: 27 | G8: =B8*D8*(100-F8)/100 -> 4838.44 | H8: =VLOOKUP(A8,'Distrib. Pricing Only Full'!A:W,20,FALSE) -> #N/A | I8: =VLOOKUP(A8,'Distrib. Pricing Only Full'!A:X,22,FALSE) -> #N/A | J8: =VLOOKUP(A8,'Distrib. Pricing Only Full'!A:Y,21,FALSE) -> #N/A | K8: =J8*7.44*B8 -> #N/A | L8: =K8 -> #N/A
A9: 035489 | B9: 1 | C9: =VLOOKUP(A9,'Distrib. Pricing Only Full'!A:W,3,FALSE) -> 002 DUST COVER F.MDOB | D9: 388 | E9: =B9*D9 -> 388 | F9: 27 | G9: =B9*D9*(100-F9)/100 -> 283.24 | H9: =VLOOKUP(A9,'Distrib. Pricing Only Full'!A:W,20,FALSE) -> 50 | I9: =VLOOKUP(A9,'Distrib. Pricing Only Full'!A:X,22,FALSE) -> 0.48 | J9: =VLOOKUP(A9,'Distrib. Pricing Only Full'!A:Y,21,FALSE) -> 26 | K9: =J9*7.44*B9 -> 193.44 | L9: =K9 -> 193.44
A10: N5692700 | B10: 1 | C10: =VLOOKUP(A10,'Distrib. Pricing Only Full'!A:W,3,FALSE) -> #N/A | D10: 9584 | E10: =B10*D10 -> 9584 | F10: 27 | G10: =B10*D10*(100-F10)/100 -> 6996.32 | H10: =VLOOKUP(A10,'Distrib. Pricing Only Full'!A:W,20,FALSE) -> #N/A | I10: =VLOOKUP(A10,'Distrib. Pricing Only Full'!A:X,22,FALSE) -> #N/A | J10: =VLOOKUP(A10,'Distrib. Pricing Only Full'!A:Y,21,FALSE) -> #N/A | K10: =J10*7.44*B10 -> #N/A | L10: =K10 -> #N/A
A11: N6439100 | B11: 1 | C11: =VLOOKUP(A11,'Distrib. Pricing Only Full'!A:W,3,FALSE) -> #N/A | D11: 24112 | E11: =B11*D11 -> 24112 | F11: 27 | G11: =B11*D11*(100-F11)/100 -> 17601.76 | H11: =VLOOKUP(A11,'Distrib. Pricing Only Full'!A:W,20,FALSE) -> #N/A | I11: =VLOOKUP(A11,'Distrib. Pricing Only Full'!A:X,22,FALSE) -> #N/A | J11: =VLOOKUP(A11,'Distrib. Pricing Only Full'!A:Y,21,FALSE) -> #N/A | K11: =J11*7.44*B11 -> #N/A | L11: =K11 -> #N/A
A12: N5663300 | B12: 1 | C12: =VLOOKUP(A12,'Distrib. Pricing Only Full'!A:W,3,FALSE) -> FV31-ILLSW Laser safety switch | D12: 5340 | E12: =B12*D12 -> 5340 | F12: 27 | G12: =B12*D12*(100-F12)/100 -> 3898.2 | H12: =VLOOKUP(A12,'Distrib. Pricing Only Full'!A:W,20,FALSE) -> 747 | I12: =VLOOKUP(A12,'Distrib. Pricing Only Full'!A:X,22,FALSE) -> 0.3 | J12: =VLOOKUP(A12,'Distrib. Pricing Only Full'!A:Y,21,FALSE) -> 522.9 | K12: =J12*7.44*B12 -> 3890.376 | L12: =K12 -> 3890.376
A13: N5211000 | B13: 1 | C13: =VLOOKUP(A13,'Distrib. Pricing Only Full'!A:W,3,FALSE) -> FV30-ILSW Laser interlock IX83 | D13: 2719 | E13: =B13*D13 -> 2719 | F13: 27 | G13: =B13*D13*(100-F13)/100 -> 1984.87 | H13: =VLOOKUP(A13,'Distrib. Pricing Only Full'!A:W,20,FALSE) -> 373 | I13: =VLOOKUP(A13,'Distrib. Pricing Only Full'!A:X,22,FALSE) -> 0.3 | J13: =VLOOKUP(A13,'Distrib. Pricing Only Full'!A:Y,21,FALSE) -> 261.1 | K13: =J13*7.44*B13 -> 1942.584 | L13: =K13 -> 1942.584
... A37: N6394900 | B37: 1 | C37: =VLOOKUP(A37,'Distrib. Pricing Only Full'!A:W,3,FALSE) -> CSUW1-T2SR-1-2 SD conf.scanner | D37: 1435440 | E37: =B37*D37 -> 1435440 | F37: 25 | G37: =B37*D37*(100-F37)/100 -> 1076580 | H37: =VLOOKUP(A37,'Distrib. Pricing Only Full'!A:W,20,FALSE) -> 242760 | I37: =VLOOKUP(A37,'Distrib. Pricing Only Full'!A:X,22,FALSE) -> 0.3 | J37: =VLOOKUP(A37,'Distrib. Pricing Only Full'!A:Y,21,FALSE) -> 169932 | K37: =J37*7.44*B37 -> 1264294.1 | L37: =K37 -> 1264294.1
A38: Filters, p.37 | B38: 1 | C38: =VLOOKUP(A38,'Distrib. Pricing Only Full'!A:W,3,FALSE) -> #N/A | D38: 88834 | E38: =B38*D38 -> 88834 | F38: 10 | G38: =B38*D38*(100-F38)/100 -> 79950.6 | H38: =VLOOKUP(A38,'Distrib. Pricing Only Full'!A:W,20,FALSE) -> #N/A | I38: =VLOOKUP(A38,'Distrib. Pricing Only Full'!A:X,22,FALSE) -> #N/A | J38: =VLOOKUP(A38,'Distrib. Pricing Only Full'!A:Y,21,FALSE) -> #N/A | K38: =J38*7.44*B38 -> #N/A | L38: 79950.6
A39: N5692800 | B39: 1 | C39: =VLOOKUP(A39,'Distrib. Pricing Only Full'!A:W,3,FALSE) -> #N/A | D39: 307200 | E39: =B39*D39 -> 307200 | F39: 27 | G39: =B39*D39*(100-F39)/100 -> 224256 | H39: =VLOOKUP(A39,'Distrib. Pricing Only Full'!A:W,20,FALSE) -> #N/A | I39: =VLOOKUP(A39,'Distrib. Pricing Only Full'!A:X,22,FALSE) -> #N/A | J39: =VLOOKUP(A39,'Distrib. Pricing Only Full'!A:Y,21,FALSE) -> #N/A | K39: =J39*7.44*B39 -> #N/A | L39: =K39 -> #N/A
A40: Custom laser, p.39 | B40: 1 | C40: =VLOOKUP(A40,'Distrib. Pricing Only Full'!A:W,3,FALSE) -> #N/A | D40: 231567 | E40: =B40*D40 -> 231567 | F40: 0 | G40: =B40*D40*(100-F40)/100 -> 231567 | H40: =VLOOKUP(A40,'Distrib. Pricing Only Full'!A:W,20,FALSE) -> #N/A | I40: =VLOOKUP(A40,'Distrib. Pricing Only Full'!A:X,22,FALSE) -> #N/A | J40: =VLOOKUP(A40,'Distrib. Pricing Only Full'!A:Y,21,FALSE) -> #N/A | K40: =J40*7.44*B40 -> #N/A | L40: 231567
A41: E0437015 | B41: 2 | C41: =VLOOKUP(A41,'Distrib. Pricing Only Full'!A:W,3,FALSE) -> CAM-ORCA-FusionBT CoaX | D41: 183738 | E41: =B41*D41 -> 367476 | F41: 27 | G41: =B41*D41*(100-F41)/100 -> 268257.48 | H41: =VLOOKUP(A41,'Distrib. Pricing Only Full'!A:W,20,FALSE) -> 26769 | I41: =VLOOKUP(A41,'Distrib. Pricing Only Full'!A:X,22,FALSE) -> 0.25 | J41: =VLOOKUP(A41,'Distrib. Pricing Only Full'!A:Y,21,FALSE) -> 20076.75 | K41: =J41*7.44*B41 -> 298742.04 | L41: =K41 -> 298742.04
A42: E9701861 | B42: 1 | C42: =VLOOKUP(A42,'Distrib. Pricing Only Full'!A:W,3,FALSE) -> HW-WORKSTATION-HP-Z6G5-IXPL | D42: 73908 | E42: =B42*D42 -> 73908 | F42: 27 | G42: =B42*D42*(100-F42)/100 -> 53952.84 | H42: =VLOOKUP(A42,'Distrib. Pricing Only Full'!A:W,20,FALSE) -> 10125 | I42: =VLOOKUP(A42,'Distrib. Pricing Only Full'!A:X,22,FALSE) -> 0.25 | J42: =VLOOKUP(A42,'Distrib. Pricing Only Full'!A:Y,21,FALSE) -> 7593.75 | K42: =J42*7.44*B42 -> 56497.5 | L42: =K42 -> 56497.5
A43: E0434240 | B43: 1 | C43: =VLOOKUP(A43,'Distrib. Pricing Only Full'!A:W,3,FALSE) -> FVL-43-Monitor Dell USB-C Hub | D43: 10254 | E43: =B43*D43 -> 10254 | F43: 27 | G43: =B43*D43*(100-F43)/100 -> 7485.42 | H43: =VLOOKUP(A43,'Distrib. Pricing Only Full'!A:W,20,FALSE) -> 1405 | I43: =VLOOKUP(A43,'Distrib. Pricing Only Full'!A:X,22,FALSE) -> 0.25 | J43: =VLOOKUP(A43,'Distrib. Pricing Only Full'!A:Y,21,FALSE) -> 1053.75 | K43: =J43*7.44*B43 -> 7839.9 | L43: =K43 -> 7839.9
A44: N6440400 | B44: 1 | C44: =VLOOKUP(A44,'Distrib. Pricing Only Full'!A:W,3,FALSE) -> #N/A | D44: 52962 | E44: =B44*D44 -> 52962 | F44: 27 | G44: =B44*D44*(100-F44)/100 -> 38662.26 | H44: =VLOOKUP(A44,'Distrib. Pricing Only Full'!A:W,20,FALSE) -> #N/A | I44: =VLOOKUP(A44,'Distrib. Pricing Only Full'!A:X,22,FALSE) -> #N/A | J44: =VLOOKUP(A44,'Distrib. Pricing Only Full'!A:Y,21,FALSE) -> #N/A | K44: =J44*7.44*B44 -> #N/A | L44: =K44 -> #N/A
A45: N6419800 | B45: 1 | C45: =VLOOKUP(A45,'Distrib. Pricing Only Full'!A:W,3,FALSE) -> CS-S-MP-VF-EL Multi Position | D45: 19875 | E45: =B45*D45 -> 19875 | F45: 27 | G45: =B45*D45*(100-F45)/100 -> 14508.75 | H45: =VLOOKUP(A45,'Distrib. Pricing Only Full'!A:W,20,FALSE) -> 2517 | I45: =VLOOKUP(A45,'Distrib. Pricing Only Full'!A:X,22,FALSE) -> 0.48 | J45: =VLOOKUP(A45,'Distrib. Pricing Only Full'!A:Y,21,FALSE) -> 1308.84 | K45: =J45*7.44*B45 -> 9737.7696 | L45: =K45 -> 9737.7696
A46: N6420100 | B46: 1 | C46: =VLOOKUP(A46,'Distrib. Pricing Only Full'!A:W,3,FALSE) -> CS-S-WN-VF-EL Well navigator | D46: 8921 | E46: =B46*D46 -> 8921 | F46: 27 | G46: =B46*D46*(100-F46)/100 -> 6512.33 | H46: =VLOOKUP(A46,'Distrib. Pricing Only Full'!A:W,20,FALSE) -> 1130 | I46: =VLOOKUP(A46,'Distrib. Pricing Only Full'!A:X,22,FALSE) -> 0.48 | J46: =VLOOKUP(A46,'Distrib. Pricing Only Full'!A:Y,21,FALSE) -> 587.6 | K46: =J46*7.44*B46 -> 4371.744 | L46: =K46 -> 4371.744
A47: E0438681 | B47: 1 | C47: =VLOOKUP(A47,'Distrib. Pricing Only Full'!A:W,3,FALSE) -> NP-IXPL-SD-ACAVTA act AV table | D47: 50857 | E47: =B47*D47 -> 50857 | F47: 27 | G47: =B47*D47*(100-F47)/100 -> 37125.61 | H47: =VLOOKUP(A47,'Distrib. Pricing Only Full'!A:W,20,FALSE) -> 7271 | I47: =VLOOKUP(A47,'Distrib. Pricing Only Full'!A:X,22,FALSE) -> 0.25 | J47: =VLOOKUP(A47,'Distrib. Pricing Only Full'!A:Y,21,FALSE) -> 5453.25 | K47: =J47*7.44*B47 -> 40572.18 | L47: =K47 -> 40572.18
A48: ESS00172 | B48: 1 | C48: =VLOOKUP(A48,'Distrib. Pricing Only Full'!A:W,3,FALSE) -> IXPSPSR-C5-PMNT Contract 5yr | D48: 116233 | E48: =B48*D48 -> 116233 | F48: 27 | G48: =B48*D48*(100-F48)/100 -> 84850.09 | H48: =VLOOKUP(A48,'Distrib. Pricing Only Full'!A:W,20,FALSE) -> 21711 | I48: =VLOOKUP(A48,'Distrib. Pricing Only Full'!A:X,22,FALSE) -> 0.25890102 | J48: =VLOOKUP(A48,'Distrib. Pricing Only Full'!A:Y,21,FALSE) -> 16090 | K48: =J48*7.44*B48 -> 119709.6 | L48: =K48 -> 119709.6
A49: ESS00170 | B49: 1 | C49: =VLOOKUP(A49,'Distrib. Pricing Only Full'!A:W,3,FALSE) -> IXPSPSR-C3-PMNT Contract 3yr | D49: 67089 | E49: =B49*D49 -> 67089 | F49: 0 | G49: =B49*D49*(100-F49)/100 -> 67089 | H49: =VLOOKUP(A49,'Distrib. Pricing Only Full'!A:W,20,FALSE) -> 12521 | I49: =VLOOKUP(A49,'Distrib. Pricing Only Full'!A:X,22,FALSE) -> 0.25884514 | J49: =VLOOKUP(A49,'Distrib. Pricing Only Full'!A:Y,21,FALSE) -> 9280 | K49: =J49*7.44*B49 -> 69043.2 | L49: =K49 -> 69043.2 | M49: Optional
A50: ESS00182 | B50: 0 | C50: =VLOOKUP(A50,'Distrib. Pricing Only Full'!A:W,3,FALSE) -> IXPSPIN-C3-FCOV Contract 3yr | D50: 271190 | E50: =B50*D50 -> 0 | F50: 0 | G50: =B50*D50*(100-F50)/100 -> 0 | H50: =VLOOKUP(A50,'Distrib. Pricing Only Full'!A:W,20,FALSE) -> 42696 | I50: =VLOOKUP(A50,'Distrib. Pricing Only Full'!A:X,22,FALSE) -> 0.15448754 | J50: =VLOOKUP(A50,'Distrib. Pricing Only Full'!A:Y,21,FALSE) -> 36100 | K50: =J50*7.44*B50 -> 0 | L50: =K50 -> 0 | M50: Optional
A51: E0437054 | B51: 1 | C51: =VLOOKUP(A51,'Distrib. Pricing Only Full'!A:W,3,FALSE) -> IX-LAS488-100LXS | E51: =B51*D51 -> 0 | F51: 0 | G51: =B51*D51*(100-F51)/100 -> 0 | H51: =VLOOKUP(A51,'Distrib. Pricing Only Full'!A:W,20,FALSE) -> 10741 | I51: =VLOOKUP(A51,'Distrib. Pricing Only Full'!A:X,22,FALSE) -> 0.25 | J51: =VLOOKUP(A51,'Distrib. Pricing Only Full'!A:Y,21,FALSE) -> 8055.75 | K51: =J51*7.44*B51 -> 59934.78 | L51: =K51 -> 59934.78
A52: N9052404 | B52: 1 | C52: =VLOOKUP(A52,'Distrib. Pricing Only Full'!A:W,3,FALSE) -> CSUW1C-LD488LX add-on kit | E52: =B52*D52 -> 0 | F52: 0 | G52: =B52*D52*(100-F52)/100 -> 0 | H52: =VLOOKUP(A52,'Distrib. Pricing Only Full'!A:W,20,FALSE) -> 607 | I52: =VLOOKUP(A52,'Distrib. Pricing Only Full'!A:X,22,FALSE) -> 0.48 | J52: =VLOOKUP(A52,'Distrib. Pricing Only Full'!A:Y,21,FALSE) -> 315.64 | K52: =J52*7.44*B52 -> 2348.3616 | L52: =K52 -> 2348.3616
D53: =SUM(D2:D50) -> 3845834 | E53: =SUM(E2:E50) -> 3797730 | G53: =SUM(G2:G52) -> 2896790.6 | K53: =SUM(K2:K50) -> #N/A | L53: =SUM(L2:L50) -> #N/A
D54: =D53-D50-D49 -> 3507555 | G54: =E53-G53 -> 900939.4
C56: Description // DKK | D56: Customer pays | E56: Quote wo. lasers | F56: We pay Evident | G56: We pay Coherent | H56: We pay total | I56: We make
C57: Quote, final price | D57: 2986797.9 | F57: 0 | G57: 0 | H57: =SUM(F57+G57) -> 0
C58: Quote without lasers | E58: =D57-G40 -> 2755230.9 | F58: =E58*0.95 -> 2617469.4 | G58: 0 | H58: =SUM(F58+G58) -> 2617469.4 | I58: =E58*0.05 -> 137761.55
C59: Difference: | F59: 0 | G59: 0 | H59: =SUM(F59+G59) -> 0
C60: 488 nm laser and kit | F60: =L51+L52 -> 62283.142 | G60: 0 | H60: =SUM(F60+G60) -> 62283.142
C61: Bought from Coherent, discount price for customer | F61: 0 | G61: =96294.5+31773.13 -> 128067.63 | H61: =SUM(F61+G61) -> 128067.63
C62: SUM | D62: =SUM(D57:D61) -> 2986797.9 | F62: =SUM(F57:F61) -> 2679752.5 | G62: =SUM(G57:G61) -> 128067.63 | H62: =SUM(H57:H61) -> 2807820.1 | I62: =D62-H62 -> 178977.77

Sheet Miniopslag
B1: Varenummer | C1: Beskrivelse | D1: Antal | E1: pris EUR | F1: DKK | G1: Evident rabat | H1: Rabat givet | J1: "Avancematrix" | M1: EVIDENT SELV
B2: E9701741 | D2: 1 | E2: =IFERROR(VLOOKUP(B2,'Distrib. Pricing Only Full'!A:U,21,FALSE)*D2,"") -> 93266.6 | F2: =IFERROR(E2*7.44,"") -> 693903.5 | G2: =+VLOOKUP(B2,'Distrib. Pricing Only Full'!A:V,22,FALSE) -> 0.3 | H2: 0.15 | I2: 951696 | J2: =(I2-F2)/I2 -> 0.27087694 | K2: =+VLOOKUP(B2,'Distrib. Pricing Only Full'!A:T,20,FALSE)*7.44 -> 991290.72 | L2: =+K2-I2 -> 39594.72 | M2: =+L2/K2 -> 0.039942591
B3: E9701312 | C3: =IFERROR(VLOOKUP(B3,'Distrib. Pricing Only Full'!A:C,3,FALSE),"") -> VS20-POWSUP Power Supply | D3: 1 | E3: =IFERROR(VLOOKUP(B3,'Distrib. Pricing Only Full'!A:U,21,FALSE)*D3,"") -> 210.7 | F3: =IFERROR(E3*7.44,"") -> 1567.608 | G3: =+VLOOKUP(B3,'Distrib. Pricing Only Full'!A:V,22,FALSE) -> 0.3 | H3: 0.15 | K3: =+K2/I2 -> 1.0416044
B4: E9701331 | C4: =IFERROR(VLOOKUP(B4,'Distrib. Pricing Only Full'!A:C,3,FALSE),"") | D4: 1 | E4: =IFERROR(VLOOKUP(B4,'Distrib. Pricing Only Full'!A:U,21,FALSE)*D4,"") | F4: =IFERROR(E4*7.44,"") | G4: =+VLOOKUP(B4,'Distrib. Pricing Only Full'!A:V,22,FALSE) -> #N/A | H4: 0.15
B5: 035425 | C5: =IFERROR(VLOOKUP(B5,'Distrib. Pricing Only Full'!A:C,3,FALSE),"") -> UYCP POWER CORD | D5: 6 | E5: =IFERROR(VLOOKUP(B5,'Distrib. Pricing Only Full'!A:U,21,FALSE)*D5,"") -> 81 | F5: =IFERROR(E5*7.44,"") -> 602.64 | G5: =+VLOOKUP(B5,'Distrib. Pricing Only Full'!A:V,22,FALSE) -> 0.25 | H5: 0.15 | I5: =127*6 -> 762 | J5: =(I5-F5)/I5 -> 0.20913386 | K5: =+VLOOKUP(B5,'Distrib. Pricing Only Full'!A:T,20,FALSE)*7.44*D5 -> 803.52 | L5: =+K5-I5 -> 41.52 | M5: =+L5/K5 -> 0.05167264
B6: N5701900 | C6: =IFERROR(VLOOKUP(B6,'Distrib. Pricing Only Full'!A:C,3,FALSE),"") -> UPLXAPO10X Objective | D6: 1 | E6: =IFERROR(VLOOKUP(B6,'Distrib. Pricing Only Full'!A:U,21,FALSE)*D6,"") -> 1472.64 | F6: =IFERROR(E6*7.44,"") -> 10956.442 | G6: =+VLOOKUP(B6,'Distrib. Pricing Only Full'!A:V,22,FALSE) -> 0.48 | H6: 0.15 | I6: 22376 | J6: =(I6-F6)/I6 -> 0.51034852 | K6: =+VLOOKUP(B6,'Distrib. Pricing Only Full'!A:T,20,FALSE)*7.44 -> 21070.08 | L6: =+K6-I6 -> -1305.92 | M6: =+L6/K6 -> -0.061979831
B7: N5702100 | C7: =IFERROR(VLOOKUP(B7,'Distrib. Pricing Only Full'!A:C,3,FALSE),"") -> UPLXAPO40X Objective | D7: 1 | E7: =IFERROR(VLOOKUP(B7,'Distrib. Pricing Only Full'!A:U,21,FALSE)*D7,"") -> 2616.64 | F7: =IFERROR(E7*7.44,"") -> 19467.802 | G7: =+VLOOKUP(B7,'Distrib. Pricing Only Full'!A:V,22,FALSE) -> 0.48 | H7: 0.15
B8: E0437609 | C8: =IFERROR(VLOOKUP(B8,'Distrib. Pricing Only Full'!A:C,3,FALSE),"") -> L-VS-TA13070 table | D8: 1 | E8: =IFERROR(VLOOKUP(B8,'Distrib. Pricing Only Full'!A:U,21,FALSE)*D8,"") -> 5828.25 | F8: =IFERROR(E8*7.44,"") -> 43362.18 | G8: =+VLOOKUP(B8,'Distrib. Pricing Only Full'!A:V,22,FALSE) -> 0.25 | H8: 0.15
B9: ESS00208 | C9: =IFERROR(VLOOKUP(B9,'Distrib. Pricing Only Full'!A:C,3,FALSE),"") -> VS20MTF-D0-INST Installation | D9: 1 | E9: =IFERROR(VLOOKUP(B9,'Distrib. Pricing Only Full'!A:U,21,FALSE)*D9,"") -> 3270 | F9: =IFERROR(E9*7.44,"") -> 24328.8 | G9: =+VLOOKUP(B9,'Distrib. Pricing Only Full'!A:V,22,FALSE) -> 0.25715584 | H9: 0.15
B10: E0444003 | C10: =IFERROR(VLOOKUP(B10,'Distrib. Pricing Only Full'!A:C,3,FALSE),"") -> SUP-LS Training 1 day | D10: 1 | E10: =IFERROR(VLOOKUP(B10,'Distrib. Pricing Only Full'!A:U,21,FALSE)*D10,"") -> 1590 | F10: =IFERROR(E10*7.44,"") -> 11829.6 | G10: =+VLOOKUP(B10,'Distrib. Pricing Only Full'!A:V,22,FALSE) -> 0.25700935 | H10: 0.15
B11: E9701326 | C11: =IFERROR(VLOOKUP(B11,'Distrib. Pricing Only Full'!A:C,3,FALSE),"") -> VS20S-FLUO Fluor. Acquisition | D11: 1 | E11: =IFERROR(VLOOKUP(B11,'Distrib. Pricing Only Full'!A:U,21,FALSE)*D11,"") -> 7172.2 | F11: =IFERROR(E11*7.44,"") -> 53361.168 | G11: =+VLOOKUP(B11,'Distrib. Pricing Only Full'!A:V,22,FALSE) -> 0.3 | H11: 0.15
B12: E9701340 | C12: =IFERROR(VLOOKUP(B12,'Distrib. Pricing Only Full'!A:C,3,FALSE),"") -> VS20-BLACKOUT Placeholder | D12: 1 | E12: =IFERROR(VLOOKUP(B12,'Distrib. Pricing Only Full'!A:U,21,FALSE)*D12,"") -> 51.1 | F12: =IFERROR(E12*7.44,"") -> 380.184 | G12: =+VLOOKUP(B12,'Distrib. Pricing Only Full'!A:V,22,FALSE) -> 0.3 | H12: 0.15
B13: E9701341 | C13: =IFERROR(VLOOKUP(B13,'Distrib. Pricing Only Full'!A:C,3,FALSE),"") -> VS20-EMPTYGLASS Glass filter | D13: 1 | E13: =IFERROR(VLOOKUP(B13,'Distrib. Pricing Only Full'!A:U,21,FALSE)*D13,"") -> 231 | F13: =IFERROR(E13*7.44,"") -> 1718.64 | G13: =+VLOOKUP(B13,'Distrib. Pricing Only Full'!A:V,22,FALSE) -> 0.3 | H13: 0.15
B14: E0433971 | C14: =IFERROR(VLOOKUP(B14,'Distrib. Pricing Only Full'!A:C,3,FALSE),"") -> XC-VS-LED-385-NOVEM light src | D14: 1 | E14: =IFERROR(VLOOKUP(B14,'Distrib. Pricing Only Full'!A:U,21,FALSE)*D14,"") -> 13942.5 | F14: =IFERROR(E14*7.44,"") -> 103732.2 | G14: =+VLOOKUP(B14,'Distrib. Pricing Only Full'!A:V,22,FALSE) -> 0.25 | H14: 0.15
B15: N4245100 | C15: =IFERROR(VLOOKUP(B15,'Distrib. Pricing Only Full'!A:C,3,FALSE),"") -> IX3-RFALFE L-shape illumin. | D15: 1 | E15: =IFERROR(VLOOKUP(B15,'Distrib. Pricing Only Full'!A:U,21,FALSE)*D15,"") -> 2493.92 | F15: =IFERROR(E15*7.44,"") -> 18554.765 | G15: =+VLOOKUP(B15,'Distrib. Pricing Only Full'!A:V,22,FALSE) -> 0.48 | H15: 0.15
B16: N5205300 | C16: =IFERROR(VLOOKUP(B16,'Distrib. Pricing Only Full'!A:C,3,FALSE),"") -> IX3-RFACA-1-3 motorized turret | D16: 1 | E16: =IFERROR(VLOOKUP(B16,'Distrib. Pricing Only Full'!A:U,21,FALSE)*D16,"") -> 1344.2 | F16: =IFERROR(E16*7.44,"") -> 10000.848 | G16: =+VLOOKUP(B16,'Distrib. Pricing Only Full'!A:V,22,FALSE) -> 0.48 | H16: 0.15
B17: E0437421 | C17: =IFERROR(VLOOKUP(B17,'Distrib. Pricing Only Full'!A:C,3,FALSE),"") -> KRO-SpectraSplit7 filter set | D17: 1 | E17: =IFERROR(VLOOKUP(B17,'Distrib. Pricing Only Full'!A:U,21,FALSE)*D17,"") -> 8985 | F17: =IFERROR(E17*7.44,"") -> 66848.4 | G17: =+VLOOKUP(B17,'Distrib. Pricing Only Full'!A:V,22,FALSE) -> 0.25 | H17: 0.15
B18: E9701323 | C18: =IFERROR(VLOOKUP(B18,'Distrib. Pricing Only Full'!A:C,3,FALSE),"") -> VS20-304M Monochrome Camera | D18: 1 | E18: =IFERROR(VLOOKUP(B18,'Distrib. Pricing Only Full'!A:U,21,FALSE)*D18,"") -> 3840.2 | F18: =IFERROR(E18*7.44,"") -> 28571.088 | G18: =+VLOOKUP(B18,'Distrib. Pricing Only Full'!A:V,22,FALSE) -> 0.3 | H18: 0.15
... B20: E9701319 | C20: =IFERROR(VLOOKUP(B20,'Distrib. Pricing Only Full'!A:C,3,FALSE),"") -> VS20-ST13X5 1x3 Tray Set of 5 | D20: 2 | E20: =IFERROR(VLOOKUP(B20,'Distrib. Pricing Only Full'!A:U,21,FALSE)*D20,"") -> 8222.2 | F20: =IFERROR(E20*7.44,"") -> 61173.168 | G20: =+VLOOKUP(B20,'Distrib. Pricing Only Full'!A:V,22,FALSE) -> 0.3 | H20: 0.15
C21: =IFERROR(VLOOKUP(B21,'Distrib. Pricing Only Full'!A:C,3,FALSE),"") | D21: 1 | E21: =IFERROR(VLOOKUP(B21,'Distrib. Pricing Only Full'!A:U,21,FALSE)*D21,"") | F21: =IFERROR(E21*7.44,"")
B22: E0434072 | C22: =IFERROR(VLOOKUP(B22,'Distrib. Pricing Only Full'!A:C,3,FALSE),"") | D22: 1 | E22: =IFERROR(VLOOKUP(B22,'Distrib. Pricing Only Full'!A:U,21,FALSE)*D22,"") | F22: =IFERROR(E22*7.44,"") | G22: =+VLOOKUP(B22,'Distrib. Pricing Only Full'!A:V,22,FALSE) -> #N/A | H22: 0.15 | J22: 0.27 | K22: =+F22/0.73/0.85 -> #VALUE! | L22: =+K22-F22 -> #VALUE! | M22: =+L22/K22 -> #VALUE!
B23: E0430797 | C23: =IFERROR(VLOOKUP(B23,'Distrib. Pricing Only Full'!A:C,3,FALSE),"") -> M-SIS-IX Stage insert | D23: 1 | E23: =IFERROR(VLOOKUP(B23,'Distrib. Pricing Only Full'!A:U,21,FALSE)*D23,"") -> 148.5 | F23: =IFERROR(E23*7.44,"") -> 1104.84 | G23: =+VLOOKUP(B23,'Distrib. Pricing Only Full'!A:V,22,FALSE) -> 0.25
C24: =IFERROR(VLOOKUP(B24,'Distrib. Pricing Only Full'!A:C,3,FALSE),"") | D24: 1 | E24: =IFERROR(VLOOKUP(B24,'Distrib. Pricing Only Full'!A:U,21,FALSE)*D24,"") | F24: =IFERROR(E24*7.44,"")
B25: 037450 | C25: =IFERROR(VLOOKUP(B25,'Distrib. Pricing Only Full'!A:C,3,FALSE),"") -> U-SVRB-4 STAGE W/RIGHT CONTROL | D25: 2 | E25: =IFERROR(VLOOKUP(B25,'Distrib. Pricing Only Full'!A:U,21,FALSE)*D25,"") -> 959.92 | F25: =IFERROR(E25*7.44,"") -> 7141.8048 | G25: =+VLOOKUP(B25,'Distrib. Pricing Only Full'!A:V,22,FALSE) -> 0.48 | H25: 0.35 | I25: 9467.9 | J25: =+I25-F25 -> 2326.0952 | K25: =+J25/I25 -> 0.24568227
B26: N5742600 | C26: =IFERROR(VLOOKUP(B26,'Distrib. Pricing Only Full'!A:C,3,FALSE),"") -> U-MDOB3-1-7 | D26: 2 | E26: =IFERROR(VLOOKUP(B26,'Distrib. Pricing Only Full'!A:U,21,FALSE)*D26,"") -> 4311.84 | F26: =IFERROR(E26*7.44,"") -> 32080.09 | G26: =+VLOOKUP(B26,'Distrib. Pricing Only Full'!A:V,22,FALSE) -> 0.48 | H26: 0.35 | I26: 42582.8 | J26: =+I26-F26 -> 10502.71 | K26: =+J26/I26 -> 0.24664208
B27: N5685100 | C27: =IFERROR(VLOOKUP(B27,'Distrib. Pricing Only Full'!A:C,3,FALSE),"") -> U-MDOSV-2-6 | D27: 2 | E27: =IFERROR(VLOOKUP(B27,'Distrib. Pricing Only Full'!A:U,21,FALSE)*D27,"") -> 3073.2 | F27: =IFERROR(E27*7.44,"") -> 22864.608 | G27: =+VLOOKUP(B27,'Distrib. Pricing Only Full'!A:V,22,FALSE) -> 0.48 | H27: 0.35 | I27: 30357.6 | J27: =+I27-F27 -> 7492.992 | K27: =+J27/I27 -> 0.24682425
C28: =IFERROR(VLOOKUP(B28,'Distrib. Pricing Only Full'!A:C,3,FALSE),"") | D28: 1 | E28: =IFERROR(VLOOKUP(B28,'Distrib. Pricing Only Full'!A:U,21,FALSE)*D28,"") | F28: =IFERROR(E28*7.5,"")
C29: =IFERROR(VLOOKUP(B29,'Distrib. Pricing Only Full'!A:C,3,FALSE),"") | D29: 1 | E29: =IFERROR(VLOOKUP(B29,'Distrib. Pricing Only Full'!A:U,21,FALSE)*D29,"") | F29: =IFERROR(E29*7.5,"")
C30: =IFERROR(VLOOKUP(B30,'Distrib. Pricing Only Full'!A:C,3,FALSE),"") | D30: 1 | E30: =IFERROR(VLOOKUP(B30,'Distrib. Pricing Only Full'!A:U,21,FALSE)*D30,"") | F30: =IFERROR(E30*7.5,"") | L30: 80500
C31: =IFERROR(VLOOKUP(B31,'Distrib. Pricing Only Full'!A:C,3,FALSE),"") | D31: 1 | E31: =IFERROR(VLOOKUP(B31,'Distrib. Pricing Only Full'!A:U,21,FALSE)*D31,"") | F31: =IFERROR(E31*7.5,"") | L31: 50000
C32: =IFERROR(VLOOKUP(B32,'Distrib. Pricing Only Full'!A:C,3,FALSE),"") | D32: 1 | E32: =IFERROR(VLOOKUP(B32,'Distrib. Pricing Only Full'!A:U,21,FALSE)*D32,"") | F32: =IFERROR(E32*7.5,"")
L33: =+L30*0.85 -> 68425
D34: Evident priser | E34: =+SUBTOTAL(9,E2:E32) -> 163111.61 | F34: =+SUBTOTAL(9,F2:F32) -> 1213550.4 | L34: =+L33-L31 -> 18425
L35: =+L34/L33 -> 0.26927293
D36: Tilbudt pris | F36: 1734875.9
D38: DG | F38: =(F36-F34)/F36 -> 0.30049732
F40: =+F34*1.25 -> 1516938
F41: =+F40-F36 -> -217937.98
F42: =+F40/F36 -> 0.87437835

Sheet Ark1
B1: Varenummer | C1: Beskrivelse | D1: Antal | E1: pris EUR | F1: DKK | G1: Evident rabat | H1: Rabat givet | J1: "Avancematrix" | M1: EVIDENT SELV
B2: N5731900 | C2: =IFERROR(VLOOKUP(B2,'Distrib. Pricing Only Full'!A:C,3,FALSE),"") -> CKX53SF-1-3 microscope frame | D2: 1 | E2: =IFERROR(VLOOKUP(B2,'Distrib. Pricing Only Full'!A:U,21,FALSE)*D2,"") -> 1995.76 | F2: =IFERROR(E2*7.44,"") -> 14848.454 | G2: =+VLOOKUP(B2,'Distrib. Pricing Only Full'!A:V,22,FALSE) -> 0.48 | H2: 0.15 | I2: 951696 | J2: =(I2-F2)/I2 -> 0.9843979 | K2: =+VLOOKUP(B2,'Distrib. Pricing Only Full'!A:T,20,FALSE)*7.44 -> 28554.72 | L2: =+K2-I2 -> -923141.28 | M2: =+L2/K2 -> -32.328851
B3: N5228300 | C3: =IFERROR(VLOOKUP(B3,'Distrib. Pricing Only Full'!A:C,3,FALSE),"") -> CKX3-MVR Mechanical stage | D3: 1 | E3: =IFERROR(VLOOKUP(B3,'Distrib. Pricing Only Full'!A:U,21,FALSE)*D3,"") -> 524.16 | F3: =IFERROR(E3*7.44,"") -> 3899.7504 | G3: =+VLOOKUP(B3,'Distrib. Pricing Only Full'!A:V,22,FALSE) -> 0.48 | H3: 0.15 | K3: =+K2/I2 -> 0.030004035
B4: 030362 | C4: =IFERROR(VLOOKUP(B4,'Distrib. Pricing Only Full'!A:C,3,FALSE),"") -> CK2-SS | D4: 1 | E4: =IFERROR(VLOOKUP(B4,'Distrib. Pricing Only Full'!A:U,21,FALSE)*D4,"") -> 28.08 | F4: =IFERROR(E4*7.44,"") -> 208.9152 | G4: =+VLOOKUP(B4,'Distrib. Pricing Only Full'!A:V,22,FALSE) -> 0.48 | H4: 0.15
B5: N5229000 | C5: =IFERROR(VLOOKUP(B5,'Distrib. Pricing Only Full'!A:C,3,FALSE),"") -> CKX3-HOUN Mechanical holder | D5: 1 | E5: =IFERROR(VLOOKUP(B5,'Distrib. Pricing Only Full'!A:U,21,FALSE)*D5,"") -> 314.6 | F5: =IFERROR(E5*7.44,"") -> 2340.624 | G5: =+VLOOKUP(B5,'Distrib. Pricing Only Full'!A:V,22,FALSE) -> 0.48 | H5: 0.15 | I5: =127*6 -> 762 | J5: =(I5-F5)/I5 -> -2.071685 | K5: =+VLOOKUP(B5,'Distrib. Pricing Only Full'!A:T,20,FALSE)*7.44*D5 -> 4501.2 | L5: =+K5-I5 -> 3739.2 | M5: =+L5/K5 -> 0.83071181
B6: N5228500 | C6: =IFERROR(VLOOKUP(B6,'Distrib. Pricing Only Full'!A:C,3,FALSE),"") -> CKX3-SLP IPC slider | D6: 1 | E6: =IFERROR(VLOOKUP(B6,'Distrib. Pricing Only Full'!A:U,21,FALSE)*D6,"") -> 61.88 | F6: =IFERROR(E6*7.44,"") -> 460.3872 | G6: =+VLOOKUP(B6,'Distrib. Pricing Only Full'!A:V,22,FALSE) -> 0.48 | H6: 0.15 | I6: 22376 | J6: =(I6-F6)/I6 -> 0.97942496 | K6: =+VLOOKUP(B6,'Distrib. Pricing Only Full'!A:T,20,FALSE)*7.44 -> 885.36 | L6: =+K6-I6 -> -21490.64 | M6: =+L6/K6 -> -24.273335
B7: 035425 | C7: =IFERROR(VLOOKUP(B7,'Distrib. Pricing Only Full'!A:C,3,FALSE),"") -> UYCP POWER CORD | D7: 1 | E7: =IFERROR(VLOOKUP(B7,'Distrib. Pricing Only Full'!A:U,21,FALSE)*D7,"") -> 13.5 | F7: =IFERROR(E7*7.44,"") -> 100.44 | G7: =+VLOOKUP(B7,'Distrib. Pricing Only Full'!A:V,22,FALSE) -> 0.25 | H7: 0.15
B8: N5704200 | C8: =IFERROR(VLOOKUP(B8,'Distrib. Pricing Only Full'!A:C,3,FALSE),"") | D8: 1 | E8: =IFERROR(VLOOKUP(B8,'Distrib. Pricing Only Full'!A:U,21,FALSE)*D8,"") | F8: =IFERROR(E8*7.44,"") | G8: =+VLOOKUP(B8,'Distrib. Pricing Only Full'!A:V,22,FALSE) -> #N/A | H8: 0.15
B9: N5739800 | C9: =IFERROR(VLOOKUP(B9,'Distrib. Pricing Only Full'!A:C,3,FALSE),"") -> CACHN10XIPC-1-7 | D9: 1 | E9: =IFERROR(VLOOKUP(B9,'Distrib. Pricing Only Full'!A:U,21,FALSE)*D9,"") -> 151.84 | F9: =IFERROR(E9*7.44,"") -> 1129.6896 | G9: =+VLOOKUP(B9,'Distrib. Pricing Only Full'!A:V,22,FALSE) -> 0.48 | H9: 0.15
B10: N5229300 | C10: =IFERROR(VLOOKUP(B10,'Distrib. Pricing Only Full'!A:C,3,FALSE),"") -> LCACHN20XIPC Objective | D10: 1 | E10: =IFERROR(VLOOKUP(B10,'Distrib. Pricing Only Full'!A:U,21,FALSE)*D10,"") -> 403.52 | F10: =IFERROR(E10*7.44,"") -> 3002.1888 | G10: =+VLOOKUP(B10,'Distrib. Pricing Only Full'!A:V,22,FALSE) -> 0.48 | H10: 0.15
B11: N5229400 | C11: =IFERROR(VLOOKUP(B11,'Distrib. Pricing Only Full'!A:C,3,FALSE),"") -> LCACHN40XIPC Objective | D11: 1 | E11: =IFERROR(VLOOKUP(B11,'Distrib. Pricing Only Full'!A:U,21,FALSE)*D11,"") -> 393.12 | F11: =IFERROR(E11*7.44,"") -> 2924.8128 | G11: =+VLOOKUP(B11,'Distrib. Pricing Only Full'!A:V,22,FALSE) -> 0.48 | H11: 0.15
B12: N1153000 | C12: =IFERROR(VLOOKUP(B12,'Distrib. Pricing Only Full'!A:C,3,FALSE),"") -> DUST COVER F.CKX41/31 | D12: 1 | E12: =IFERROR(VLOOKUP(B12,'Distrib. Pricing Only Full'!A:U,21,FALSE)*D12,"") -> 20.28 | F12: =IFERROR(E12*7.44,"") -> 150.8832 | G12: =+VLOOKUP(B12,'Distrib. Pricing Only Full'!A:V,22,FALSE) -> 0.48 | H12: 0.15
B13: 030007 | C13: =IFERROR(VLOOKUP(B13,'Distrib. Pricing Only Full'!A:C,3,FALSE),"") -> LENS CLEANING TISSUE | D13: 1 | E13: =IFERROR(VLOOKUP(B13,'Distrib. Pricing Only Full'!A:U,21,FALSE)*D13,"") -> 9.88 | F13: =IFERROR(E13*7.44,"") -> 73.5072 | G13: =+VLOOKUP(B13,'Distrib. Pricing Only Full'!A:V,22,FALSE) -> 0.48 | H13: 0.15
C14: =IFERROR(VLOOKUP(B14,'Distrib. Pricing Only Full'!A:C,3,FALSE),"") | E14: =IFERROR(VLOOKUP(B14,'Distrib. Pricing Only Full'!A:U,21,FALSE)*D14,"") | F14: =IFERROR(E14*7.44,"") | G14: =+VLOOKUP(B14,'Distrib. Pricing Only Full'!A:V,22,FALSE) -> #N/A | H14: 0.15
C15: =IFERROR(VLOOKUP(B15,'Distrib. Pricing Only Full'!A:C,3,FALSE),"") | E15: =IFERROR(VLOOKUP(B15,'Distrib. Pricing Only Full'!A:U,21,FALSE)*D15,"") | F15: =IFERROR(E15*7.44,"") | G15: =+VLOOKUP(B15,'Distrib. Pricing Only Full'!A:V,22,FALSE) -> #N/A | H15: 0.15
C16: =IFERROR(VLOOKUP(B16,'Distrib. Pricing Only Full'!A:C,3,FALSE),"") | E16: =IFERROR(VLOOKUP(B16,'Distrib. Pricing Only Full'!A:U,21,FALSE)*D16,"") | F16: =IFERROR(E16*7.44,"") | G16: =+VLOOKUP(B16,'Distrib. Pricing Only Full'!A:V,22,FALSE) -> #N/A | H16: 0.15
C17: =IFERROR(VLOOKUP(B17,'Distrib. Pricing Only Full'!A:C,3,FALSE),"") | E17: =IFERROR(VLOOKUP(B17,'Distrib. Pricing Only Full'!A:U,21,FALSE)*D17,"") | F17: =IFERROR(E17*7.44,"") | G17: =+VLOOKUP(B17,'Distrib. Pricing Only Full'!A:V,22,FALSE) -> #N/A | H17: 0.15
C18: =IFERROR(VLOOKUP(B18,'Distrib. Pricing Only Full'!A:C,3,FALSE),"") | E18: =IFERROR(VLOOKUP(B18,'Distrib. Pricing Only Full'!A:U,21,FALSE)*D18,"") | F18: =IFERROR(E18*7.44,"") | G18: =+VLOOKUP(B18,'Distrib. Pricing Only Full'!A:V,22,FALSE) -> #N/A | H18: 0.15
C19: =IFERROR(VLOOKUP(B19,'Distrib. Pricing Only Full'!A:C,3,FALSE),"") | E19: =IFERROR(VLOOKUP(B19,'Distrib. Pricing Only Full'!A:U,21,FALSE)*D19,"") | F19: =IFERROR(E19*7.44,"") | G19: =+VLOOKUP(B19,'Distrib. Pricing Only Full'!A:V,22,FALSE) -> #N/A | H19: 0.15
C20: =IFERROR(VLOOKUP(B20,'Distrib. Pricing Only Full'!A:C,3,FALSE),"") | E20: =IFERROR(VLOOKUP(B20,'Distrib. Pricing Only Full'!A:U,21,FALSE)*D20,"") | F20: =IFERROR(E20*7.44,"") | G20: =+VLOOKUP(B20,'Distrib. Pricing Only Full'!A:V,22,FALSE) -> #N/A | H20: 0.15
C21: =IFERROR(VLOOKUP(B21,'Distrib. Pricing Only Full'!A:C,3,FALSE),"") | E21: =IFERROR(VLOOKUP(B21,'Distrib. Pricing Only Full'!A:U,21,FALSE)*D21,"") | F21: =IFERROR(E21*7.44,"")
C22: =IFERROR(VLOOKUP(B22,'Distrib. Pricing Only Full'!A:C,3,FALSE),"") | E22: =IFERROR(VLOOKUP(B22,'Distrib. Pricing Only Full'!A:U,21,FALSE)*D22,"") | F22: =IFERROR(E22*7.44,"") | G22: =+VLOOKUP(B22,'Distrib. Pricing Only Full'!A:V,22,FALSE) -> #N/A | H22: 0.15 | J22: 0.27 | K22: =+F22/0.73/0.85 -> #VALUE! | L22: =+K22-F22 -> #VALUE! | M22: =+L22/K22 -> #VALUE!
C23: =IFERROR(VLOOKUP(B23,'Distrib. Pricing Only Full'!A:C,3,FALSE),"") | E23: =IFERROR(VLOOKUP(B23,'Distrib. Pricing Only Full'!A:U,21,FALSE)*D23,"") | F23: =IFERROR(E23*7.44,"") | G23: =+VLOOKUP(B23,'Distrib. Pricing Only Full'!A:V,22,FALSE) -> #N/A
C24: =IFERROR(VLOOKUP(B24,'Distrib. Pricing Only Full'!A:C,3,FALSE),"") | E24: =IFERROR(VLOOKUP(B24,'Distrib. Pricing Only Full'!A:U,21,FALSE)*D24,"") | F24: =IFERROR(E24*7.44,"")
C25: =IFERROR(VLOOKUP(B25,'Distrib. Pricing Only Full'!A:C,3,FALSE),"") | E25: =IFERROR(VLOOKUP(B25,'Distrib. Pricing Only Full'!A:U,21,FALSE)*D25,"") | F25: =IFERROR(E25*7.44,"") | G25: =+VLOOKUP(B25,'Distrib. Pricing Only Full'!A:V,22,FALSE) -> #N/A | H25: 0.35 | I25: 9467.9 | J25: =+I25-F25 -> #VALUE! | K25: =+J25/I25 -> #VALUE!
C26: =IFERROR(VLOOKUP(B26,'Distrib. Pricing Only Full'!A:C,3,FALSE),"") | E26: =IFERROR(VLOOKUP(B26,'Distrib. Pricing Only Full'!A:U,21,FALSE)*D26,"") | F26: =IFERROR(E26*7.44,"") | G26: =+VLOOKUP(B26,'Distrib. Pricing Only Full'!A:V,22,FALSE) -> #N/A | H26: 0.35 | I26: 42582.8 | J26: =+I26-F26 -> #VALUE! | K26: =+J26/I26 -> #VALUE!
C27: =IFERROR(VLOOKUP(B27,'Distrib. Pricing Only Full'!A:C,3,FALSE),"") | E27: =IFERROR(VLOOKUP(B27,'Distrib. Pricing Only Full'!A:U,21,FALSE)*D27,"") | F27: =IFERROR(E27*7.44,"") | G27: =+VLOOKUP(B27,'Distrib. Pricing Only Full'!A:V,22,FALSE) -> #N/A | H27: 0.35 | I27: 30357.6 | J27: =+I27-F27 -> #VALUE! | K27: =+J27/I27 -> #VALUE!
C28: =IFERROR(VLOOKUP(B28,'Distrib. Pricing Only Full'!A:C,3,FALSE),"") | E28: =IFERROR(VLOOKUP(B28,'Distrib. Pricing Only Full'!A:U,21,FALSE)*D28,"") | F28: =IFERROR(E28*7.5,"")
C29: =IFERROR(VLOOKUP(B29,'Distrib. Pricing Only Full'!A:C,3,FALSE),"") | E29: =IFERROR(VLOOKUP(B29,'Distrib. Pricing Only Full'!A:U,21,FALSE)*D29,"") | F29: =IFERROR(E29*7.5,"")
C30: =IFERROR(VLOOKUP(B30,'Distrib. Pricing Only Full'!A:C,3,FALSE),"") | E30: =IFERROR(VLOOKUP(B30,'Distrib. Pricing Only Full'!A:U,21,FALSE)*D30,"") | F30: =IFERROR(E30*7.5,"") | L30: 80500
C31: =IFERROR(VLOOKUP(B31,'Distrib. Pricing Only Full'!A:C,3,FALSE),"") | E31: =IFERROR(VLOOKUP(B31,'Distrib. Pricing Only Full'!A:U,21,FALSE)*D31,"") | F31: =IFERROR(E31*7.5,"") | L31: 50000
C32: =IFERROR(VLOOKUP(B32,'Distrib. Pricing Only Full'!A:C,3,FALSE),"") | E32: =IFERROR(VLOOKUP(B32,'Distrib. Pricing Only Full'!A:U,21,FALSE)*D32,"") | F32: =IFERROR(E32*7.5,"")
L33: =+L30*0.85 -> 68425
D34: Evident priser | E34: =+SUBTOTAL(9,E2:E32) -> 3916.62 | F34: =+SUBTOTAL(9,F2:F32) -> 29139.653 | L34: =+L33-L31 -> 18425
L35: =+L34/L33 -> 0.26927293
D36: Tilbudt pris | F36: 1734875.9
D38: DG | F38: =(F36-F34)/F36 -> 0.98320361
F40: =+F34*1.25 -> 36424.566
F41: =+F40-F36 -> -1698451.4
F42: =+F40/F36 -> 0.020995487

Sheet Udregning
A1: Item no. | B1: PCS | C1: Description | D1: Long Description | E1: Purchasing Price (€) | F1: Purchasing price (DKK) | G1: DG /Coverage | H1: Buch & Holm List price (DKK) | I1: Discount (%) | J1: Tilbudspris (DKK ex moms) | K1: DG ved tilbudspris (%) | L1: Købspris for linje (DKK) | M1: Listepris for linje | N1: Purchase price for line (€) | O1: Available
A2: N1197700 | B2: 1 | C2: =VLOOKUP(A2,'Distrib. Pricing Only Full'!A:W,3,FALSE) -> SZ61-TR Stereo Microscope Body | D2: =VLOOKUP(A2,'Distrib. Pricing Only Full'!A:W,4,FALSE) -> Trinocular Stereo-Microscope zoom body with ESD capability, magnification range 0.67x - 4.5x, zoom ratio 6.7:1, FN 22, integrated trinocular tube with 45 degrees inclination, incorporates 0.5x c-mount adapter, accepts cameras with a weight of up to 2kg, working distance 110mm, with adjustable upper and lower limit zoom stopper, interpupillary distance adjustment 52-76mm, | E2: =VLOOKUP(A2,'Distrib. Pricing Only Full'!A:W,21,FALSE) -> 1165.32 | F2: =E2*7.5*1.02 -> 8914.698 | G2: 0.4007 | H2: =MROUND(F2*(1/(1-(G2))),5) -> 14875 | I2: 0 | J2: =(H2*((100-I2)/100))*B2 -> 14875 | K2: =(H2*((100-I2)/100)-F2)/(H2*((100-I2)/100))*100 -> 40.069257 | L2: =F2*B2 -> 8914.698 | M2: =H2*B2 -> 14875 | N2: =B2*E2 -> 1165.32 | O2: =VLOOKUP(A2,'Distrib. Pricing Only Full'!A:AA,7,FALSE) -> available
A3: N1199700 | B3: 1 | C3: =VLOOKUP(A3,'Distrib. Pricing Only Full'!A:W,3,FALSE) -> SZ2-ST stand w. ESD capability | D3: =VLOOKUP(A3,'Distrib. Pricing Only Full'!A:W,4,FALSE) -> Stereomicroscope Stand with ESD capability, with grounding sockets, focusing stroke 120mm, to adapt SZ61/51 or SZX7 Zoombodies, load capacity of the focussing arm: 7kg | E3: =VLOOKUP(A3,'Distrib. Pricing Only Full'!A:W,21,FALSE) -> 181.48 | F3: =E3*7.5*1.02 -> 1388.322 | G3: 0.4 | H3: =MROUND(F3*(1/(1-(G3))),5) -> 2315 | I3: 0 | J3: =(H3*((100-I3)/100))*B3 -> 2315 | K3: =(H3*((100-I3)/100)-F3)/(H3*((100-I3)/100))*100 -> 40.029287 | L3: =F3*B3 -> 1388.322 | M3: =H3*B3 -> 2315 | N3: =B3*E3 -> 181.48 | O3: =VLOOKUP(A3,'Distrib. Pricing Only Full'!A:AA,7,FALSE) -> available
A4: 033401 | B4: 1 | C4: =VLOOKUP(A4,'Distrib. Pricing Only Full'!A:W,3,FALSE) -> SP-BW STAGE PLATE BLACK/WHITE | D4: =VLOOKUP(A4,'Distrib. Pricing Only Full'!A:W,4,FALSE) -> Stage plate (black & white) | E4: =VLOOKUP(A4,'Distrib. Pricing Only Full'!A:W,21,FALSE) -> 26.52 | F4: =E4*7.5*1.02 -> 202.878 | G4: 0.4 | H4: =MROUND(F4*(1/(1-(G4))),5) -> 340 | I4: 0 | J4: =(H4*((100-I4)/100))*B4 -> 340 | K4: =(H4*((100-I4)/100)-F4)/(H4*((100-I4)/100))*100 -> 40.33 | L4: =F4*B4 -> 202.878 | M4: =H4*B4 -> 340 | N4: =B4*E4 -> 26.52 | O4: =VLOOKUP(A4,'Distrib. Pricing Only Full'!A:AA,7,FALSE) -> available
A5: E0433093 | B5: 1 | C5: =VLOOKUP(A5,'Distrib. Pricing Only Full'!A:W,3,FALSE) -> KL-RA-SZ ring light adapter | D5: =VLOOKUP(A5,'Distrib. Pricing Only Full'!A:W,4,FALSE) -> Mounting adapter for 66mm ring light guides for SZ, SD, SF stereo zoom bodies, metal ring with M48x0.75 thread | E5: =VLOOKUP(A5,'Distrib. Pricing Only Full'!A:W,21,FALSE) -> 37.5 | F5: =E5*7.5*1.02 -> 286.875 | G5: 0.4 | H5: =MROUND(F5*(1/(1-(G5))),5) -> 480 | I5: 0 | J5: =(H5*((100-I5)/100))*B5 -> 480 | K5: =(H5*((100-I5)/100)-F5)/(H5*((100-I5)/100))*100 -> 40.234375 | L5: =F5*B5 -> 286.875 | M5: =H5*B5 -> 480 | N5: =B5*E5 -> 37.5 | O5: =VLOOKUP(A5,'Distrib. Pricing Only Full'!A:AA,7,FALSE) -> available
A6: E0433265 | B6: 1 | C6: =VLOOKUP(A6,'Distrib. Pricing Only Full'!A:W,3,FALSE) -> KL300LED LED light source | D6: =VLOOKUP(A6,'Distrib. Pricing Only Full'!A:W,4,FALSE) -> LED light source with 1 LED and an average LED lifetime of 50,000 h. Light intensity 30 W â??halogen equivalent. Colour temperature of white LED: Approx. 5600 K, Stepless electronic dimming (0â??100%) light intensity control, max. active light guide diameter: 6 mm, wide range power supply (100â??240 V/50â??60 Hz). One bracket to mount on SZ2-ST, one Power supply, 4 Plug adapters for EU, UK, USA, AUS and Instruction manual are included. | E6: =VLOOKUP(A6,'Distrib. Pricing Only Full'!A:W,21,FALSE) -> 365.25 | F6: =E6*7.5*1.02 -> 2794.1625 | G6: 0.4 | H6: =MROUND(F6*(1/(1-(G6))),5) -> 4655 | I6: 0 | J6: =(H6*((100-I6)/100))*B6 -> 4655 | K6: =(H6*((100-I6)/100)-F6)/(H6*((100-I6)/100))*100 -> 39.975027 | L6: =F6*B6 -> 2794.1625 | M6: =H6*B6 -> 4655 | N6: =B6*E6 -> 365.25 | O6: =VLOOKUP(A6,'Distrib. Pricing Only Full'!A:AA,7,FALSE) -> available
A7: N1198000 | B7: 2 | C7: =VLOOKUP(A7,'Distrib. Pricing Only Full'!A:W,3,FALSE) -> WHSZ10X-H eyepiece | D7: =VLOOKUP(A7,'Distrib. Pricing Only Full'!A:W,4,FALSE) -> Eyepiece 10x with ESD capability, FN22, focusable, with Diopter adjustment -8 to +5, accepts eyepiece reticule: 24mm 1.5mm thickness | E7: =VLOOKUP(A7,'Distrib. Pricing Only Full'!A:W,21,FALSE) -> 78 | F7: =E7*7.5*1.02 -> 596.7 | G7: 0.4 | H7: =MROUND(F7*(1/(1-(G7))),5) -> 995 | I7: 0 | J7: =(H7*((100-I7)/100))*B7 -> 1990 | K7: =(H7*((100-I7)/100)-F7)/(H7*((100-I7)/100))*100 -> 40.030151 | L7: =F7*B7 -> 1193.4 | M7: =H7*B7 -> 1990 | N7: =B7*E7 -> 156 | O7: =VLOOKUP(A7,'Distrib. Pricing Only Full'!A:AA,7,FALSE) -> available
A8: N6797600 | B8: 1 | C8: =VLOOKUP(A8,'Distrib. Pricing Only Full'!A:W,3,FALSE) -> COVER-015 | D8: =VLOOKUP(A8,'Distrib. Pricing Only Full'!A:W,4,FALSE) -> DUST COVER f.CX31/41, CX20 | E8: =VLOOKUP(A8,'Distrib. Pricing Only Full'!A:W,21,FALSE) -> 10.4 | F8: =E8*7.5*1.02 -> 79.56 | G8: 0.4 | H8: =MROUND(F8*(1/(1-(G8))),5) -> 135 | I8: 0 | J8: =(H8*((100-I8)/100))*B8 -> 135 | K8: =(H8*((100-I8)/100)-F8)/(H8*((100-I8)/100))*100 -> 41.066667 | L8: =F8*B8 -> 79.56 | M8: =H8*B8 -> 135 | N8: =B8*E8 -> 10.4 | O8: =VLOOKUP(A8,'Distrib. Pricing Only Full'!A:AA,7,FALSE) -> available
A9: E0433293 | B9: 1 | C9: =VLOOKUP(A9,'Distrib. Pricing Only Full'!A:W,3,FALSE) -> KL300-6PRL-6/1000-2 | D9: =VLOOKUP(A9,'Distrib. Pricing Only Full'!A:W,4,FALSE) -> Brightfield 6-point ring light, for KL300LED, adaptation diameter: 66mm, minimum working distance: 37mm, active diameter: 6mm, flexible length: 1000mm | E9: =VLOOKUP(A9,'Distrib. Pricing Only Full'!A:W,21,FALSE) -> 438 | F9: =E9*7.5*1.02 -> 3350.7 | G9: 0.4 | H9: =MROUND(F9*(1/(1-(G9))),5) -> 5585 | I9: 0 | J9: =(H9*((100-I9)/100))*B9 -> 5585 | K9: =(H9*((100-I9)/100)-F9)/(H9*((100-I9)/100))*100 -> 40.005372 | L9: =F9*B9 -> 3350.7 | M9: =H9*B9 -> 5585 | N9: =B9*E9 -> 438 | O9: =VLOOKUP(A9,'Distrib. Pricing Only Full'!A:AA,7,FALSE) -> available
C10: =VLOOKUP(A10,'Distrib. Pricing Only Full'!A:W,3,FALSE) -> #N/A | D10: =VLOOKUP(A10,'Distrib. Pricing Only Full'!A:W,4,FALSE) -> #N/A | E10: =VLOOKUP(A10,'Distrib. Pricing Only Full'!A:W,21,FALSE) -> #N/A | F10: =E10*7.5*1.02 -> #N/A | G10: 0.4 | H10: =MROUND(F10*(1/(1-(G10))),5) -> #N/A | I10: 0 | J10: =(H10*((100-I10)/100))*B10 -> #N/A | K10: =(H10*((100-I10)/100)-F10)/(H10*((100-I10)/100))*100 -> #N/A | L10: =F10*B10 -> #N/A | M10: =H10*B10 -> #N/A | N10: =B10*E10 -> #N/A | O10: =VLOOKUP(A10,'Distrib. Pricing Only Full'!A:AA,7,FALSE) -> #N/A
C11: =VLOOKUP(A11,'Distrib. Pricing Only Full'!A:W,3,FALSE) -> #N/A | D11: =VLOOKUP(A11,'Distrib. Pricing Only Full'!A:W,4,FALSE) -> #N/A | E11: =VLOOKUP(A11,'Distrib. Pricing Only Full'!A:W,21,FALSE) -> #N/A | F11: =E11*7.5*1.02 -> #N/A | G11: 0.4 | H11: =MROUND(F11*(1/(1-(G11))),5) -> #N/A | I11: 0 | J11: =(H11*((100-I11)/100))*B11 -> #N/A | K11: =(H11*((100-I11)/100)-F11)/(H11*((100-I11)/100))*100 -> #N/A | L11: =F11*B11 -> #N/A | M11: =H11*B11 -> #N/A | N11: =B11*E11 -> #N/A | O11: =VLOOKUP(A11,'Distrib. Pricing Only Full'!A:AA,7,FALSE) -> #N/A
C12: =VLOOKUP(A12,'Distrib. Pricing Only Full'!A:W,3,FALSE) -> #N/A | D12: =VLOOKUP(A12,'Distrib. Pricing Only Full'!A:W,4,FALSE) -> #N/A | E12: =VLOOKUP(A12,'Distrib. Pricing Only Full'!A:W,21,FALSE) -> #N/A | F12: =E12*7.5*1.02 -> #N/A | G12: 0.4 | H12: =MROUND(F12*(1/(1-(G12))),5) -> #N/A | I12: 0 | J12: =(H12*((100-I12)/100))*B12 -> #N/A | K12: =(H12*((100-I12)/100)-F12)/(H12*((100-I12)/100))*100 -> #N/A | L12: =F12*B12 -> #N/A | M12: =H12*B12 -> #N/A | N12: =B12*E12 -> #N/A | O12: =VLOOKUP(A12,'Distrib. Pricing Only Full'!A:AA,7,FALSE) -> #N/A
C13: =VLOOKUP(A13,'Distrib. Pricing Only Full'!A:W,3,FALSE) -> #N/A | D13: =VLOOKUP(A13,'Distrib. Pricing Only Full'!A:W,4,FALSE) -> #N/A | E13: =VLOOKUP(A13,'Distrib. Pricing Only Full'!A:W,21,FALSE) -> #N/A | F13: =E13*7.5*1.02 -> #N/A | G13: 0.4 | H13: =MROUND(F13*(1/(1-(G13))),5) -> #N/A | I13: 0 | J13: =(H13*((100-I13)/100))*B13 -> #N/A | K13: =(H13*((100-I13)/100)-F13)/(H13*((100-I13)/100))*100 -> #N/A | L13: =F13*B13 -> #N/A | M13: =H13*B13 -> #N/A | N13: =B13*E13 -> #N/A | O13: =VLOOKUP(A13,'Distrib. Pricing Only Full'!A:AA,7,FALSE) -> #N/A
C14: =VLOOKUP(A14,'Distrib. Pricing Only Full'!A:W,3,FALSE) -> #N/A | D14: =VLOOKUP(A14,'Distrib. Pricing Only Full'!A:W,4,FALSE) -> #N/A | E14: =VLOOKUP(A14,'Distrib. Pricing Only Full'!A:W,21,FALSE) -> #N/A | F14: =E14*7.5*1.02 -> #N/A | G14: 0.4 | H14: =MROUND(F14*(1/(1-(G14))),5) -> #N/A | I14: 0 | J14: =(H14*((100-I14)/100))*B14 -> #N/A | K14: =(H14*((100-I14)/100)-F14)/(H14*((100-I14)/100))*100 -> #N/A | L14: =F14*B14 -> #N/A | M14: =H14*B14 -> #N/A | N14: =B14*E14 -> #N/A | O14: =VLOOKUP(A14,'Distrib. Pricing Only Full'!A:AA,7,FALSE) -> #N/A
C15: =VLOOKUP(A15,'Distrib. Pricing Only Full'!A:W,3,FALSE) -> #N/A | D15: =VLOOKUP(A15,'Distrib. Pricing Only Full'!A:W,4,FALSE) -> #N/A | E15: =VLOOKUP(A15,'Distrib. Pricing Only Full'!A:W,21,FALSE) -> #N/A | F15: =E15*7.5*1.02 -> #N/A | G15: 0.4 | H15: =MROUND(F15*(1/(1-(G15))),5) -> #N/A | I15: 0 | J15: =(H15*((100-I15)/100))*B15 -> #N/A | K15: =(H15*((100-I15)/100)-F15)/(H15*((100-I15)/100))*100 -> #N/A | L15: =F15*B15 -> #N/A | M15: =H15*B15 -> #N/A | N15: =B15*E15 -> #N/A | O15: =VLOOKUP(A15,'Distrib. Pricing Only Full'!A:AA,7,FALSE) -> #N/A
C16: =VLOOKUP(A16,'Distrib. Pricing Only Full'!A:W,3,FALSE) -> #N/A | D16: =VLOOKUP(A16,'Distrib. Pricing Only Full'!A:W,4,FALSE) -> #N/A | E16: =VLOOKUP(A16,'Distrib. Pricing Only Full'!A:W,21,FALSE) -> #N/A | F16: =E16*7.5*1.02 -> #N/A | G16: 0.4 | H16: =MROUND(F16*(1/(1-(G16))),5) -> #N/A | I16: 0 | J16: =(H16*((100-I16)/100))*B16 -> #N/A | K16: =(H16*((100-I16)/100)-F16)/(H16*((100-I16)/100))*100 -> #N/A | L16: =F16*B16 -> #N/A | M16: =H16*B16 -> #N/A | N16: =B16*E16 -> #N/A | O16: =VLOOKUP(A16,'Distrib. Pricing Only Full'!A:AA,7,FALSE) -> #N/A
C17: =VLOOKUP(A17,'Distrib. Pricing Only Full'!A:W,3,FALSE) -> #N/A | D17: =VLOOKUP(A17,'Distrib. Pricing Only Full'!A:W,4,FALSE) -> #N/A | E17: =VLOOKUP(A17,'Distrib. Pricing Only Full'!A:W,21,FALSE) -> #N/A | F17: =E17*7.5*1.02 -> #N/A | G17: 0.4 | H17: =MROUND(F17*(1/(1-(G17))),5) -> #N/A | I17: 0 | J17: =(H17*((100-I17)/100))*B17 -> #N/A | K17: =(H17*((100-I17)/100)-F17)/(H17*((100-I17)/100))*100 -> #N/A | L17: =F17*B17 -> #N/A | M17: =H17*B17 -> #N/A | N17: =B17*E17 -> #N/A | O17: =VLOOKUP(A17,'Distrib. Pricing Only Full'!A:AA,7,FALSE) -> #N/A
C18: =VLOOKUP(A18,'Distrib. Pricing Only Full'!A:W,3,FALSE) -> #N/A | D18: =VLOOKUP(A18,'Distrib. Pricing Only Full'!A:W,4,FALSE) -> #N/A | E18: =VLOOKUP(A18,'Distrib. Pricing Only Full'!A:W,21,FALSE) -> #N/A | F18: =E18*7.5*1.02 -> #N/A | G18: 0.4 | H18: =MROUND(F18*(1/(1-(G18))),5) -> #N/A | I18: 0 | J18: =(H18*((100-I18)/100))*B18 -> #N/A | K18: =(H18*((100-I18)/100)-F18)/(H18*((100-I18)/100))*100 -> #N/A | L18: =F18*B18 -> #N/A | M18: =H18*B18 -> #N/A | N18: =B18*E18 -> #N/A | O18: =VLOOKUP(A18,'Distrib. Pricing Only Full'!A:AA,7,FALSE) -> #N/A
C19: =VLOOKUP(A19,'Distrib. Pricing Only Full'!A:W,3,FALSE) -> #N/A | D19: =VLOOKUP(A19,'Distrib. Pricing Only Full'!A:W,4,FALSE) -> #N/A | E19: =VLOOKUP(A19,'Distrib. Pricing Only Full'!A:W,21,FALSE) -> #N/A | F19: =E19*7.5*1.02 -> #N/A | G19: 0.4 | H19: =MROUND(F19*(1/(1-(G19))),5) -> #N/A | I19: 0 | J19: =(H19*((100-I19)/100))*B19 -> #N/A | K19: =(H19*((100-I19)/100)-F19)/(H19*((100-I19)/100))*100 -> #N/A | L19: =F19*B19 -> #N/A | M19: =H19*B19 -> #N/A | N19: =B19*E19 -> #N/A | O19: =VLOOKUP(A19,'Distrib. Pricing Only Full'!A:AA,7,FALSE) -> #N/A
C20: =VLOOKUP(A20,'Distrib. Pricing Only Full'!A:W,3,FALSE) -> #N/A | D20: =VLOOKUP(A20,'Distrib. Pricing Only Full'!A:W,4,FALSE) -> #N/A | E20: =VLOOKUP(A20,'Distrib. Pricing Only Full'!A:W,21,FALSE) -> #N/A | F20: =E20*7.5*1.02 -> #N/A | G20: 0.4 | H20: =MROUND(F20*(1/(1-(G20))),5) -> #N/A | I20: 0 | J20: =(H20*((100-I20)/100))*B20 -> #N/A | K20: =(H20*((100-I20)/100)-F20)/(H20*((100-I20)/100))*100 -> #N/A | L20: =F20*B20 -> #N/A | M20: =H20*B20 -> #N/A | N20: =B20*E20 -> #N/A | O20: =VLOOKUP(A20,'Distrib. Pricing Only Full'!A:AA,7,FALSE) -> #N/A
C21: =VLOOKUP(A21,'Distrib. Pricing Only Full'!A:W,3,FALSE) -> #N/A | D21: =VLOOKUP(A21,'Distrib. Pricing Only Full'!A:W,4,FALSE) -> #N/A | E21: =VLOOKUP(A21,'Distrib. Pricing Only Full'!A:W,21,FALSE) -> #N/A | F21: =E21*7.5*1.02 -> #N/A | G21: 0.4 | H21: =MROUND(F21*(1/(1-(G21))),5) -> #N/A | I21: 0 | J21: =(H21*((100-I21)/100))*B21 -> #N/A | K21: =(H21*((100-I21)/100)-F21)/(H21*((100-I21)/100))*100 -> #N/A | L21: =F21*B21 -> #N/A | M21: =H21*B21 -> #N/A | N21: =B21*E21 -> #N/A | O21: =VLOOKUP(A21,'Distrib. Pricing Only Full'!A:AA,7,FALSE) -> #N/A
... C26: =VLOOKUP(A26,'Distrib. Pricing Only Full'!A:W,3,FALSE) -> #N/A | D26: =VLOOKUP(A26,'Distrib. Pricing Only Full'!A:W,4,FALSE) -> #N/A | E26: =VLOOKUP(A26,'Distrib. Pricing Only Full'!A:W,21,FALSE) -> #N/A | F26: =E26*7.5*1.02 -> #N/A | G26: 0.4 | H26: =MROUND(F26*(1/(1-(G26))),5) -> #N/A | I26: 0 | J26: =(H26*((100-I26)/100))*B26 -> #N/A | K26: =(H26*((100-I26)/100)-F26)/(H26*((100-I26)/100))*100 -> #N/A | L26: =F26*B26 -> #N/A | M26: =H26*B26 -> #N/A | N26: =B26*E26 -> #N/A | O26: =VLOOKUP(A26,'Distrib. Pricing Only Full'!A:AA,7,FALSE) -> #N/A
J27: {=SUM(IFERROR(J2:J26,0))} -> 30375 | L27: {=SUM(IFERROR(L2:L26,0))} -> 18210.595 | M27: {=SUM(IFERROR(M2:M26,0))} -> 30375 | N27: {=SUM(IFERROR(N2:N26,0))} -> 2380.47

Sheet Kundeark
E2: Mikroskop Tilbud
F3: Dato: | H3: =TODAY() -> 46280
F4: Tilbudsnummer: | H4: Nr. 11-
F5: Kunde-ID: | H5: KUNDE
B7: Antal | C7: Evident varenummer | D7: Beskrivelse (ENG) | E7: Detaljeret Beskrivelse (ENG) | F7: Listepris | G7: Rabat | H7: Tilbudspris total
B8: =IF(ISBLANK(Udregning!B2),"",Udregning!B2) -> 1 | C8: =IF(ISBLANK(Udregning!A2),"",Udregning!A2) -> N1197700 | D8: =IF(ISBLANK(Udregning!C2),"",Udregning!C2) -> SZ61-TR Stereo Microscope Body | E8: =IF(ISBLANK(Udregning!D2),"",Udregning!D2) -> Trinocular Stereo-Microscope zoom body with ESD capability, magnification range 0.67x - 4.5x, zoom ratio 6.7:1, FN 22, integrated trinocular tube with 45 degrees inclination, incorporates 0.5x c-mount adapter, accepts cameras with a weight of up to 2kg, working distance 110mm, with adjustable upper and lower limit zoom stopper, interpupillary distance adjustment 52-76mm, | F8: =IF(ISBLANK(Udregning!H2),"",Udregning!H2) -> 14875 | G8: =IF(ISBLANK(Udregning!I2),"",Udregning!I2) -> 0 | H8: =IF(SUM(B8)>0,SUM(((B8*F8)*(100-G8)/100)),"") -> 14875
B9: =IF(ISBLANK(Udregning!B3),"",Udregning!B3) -> 1 | C9: =IF(ISBLANK(Udregning!A3),"",Udregning!A3) -> N1199700 | D9: =IF(ISBLANK(Udregning!C3),"",Udregning!C3) -> SZ2-ST stand w. ESD capability | E9: =IF(ISBLANK(Udregning!D3),"",Udregning!D3) -> Stereomicroscope Stand with ESD capability, with grounding sockets, focusing stroke 120mm, to adapt SZ61/51 or SZX7 Zoombodies, load capacity of the focussing arm: 7kg | F9: =IF(ISBLANK(Udregning!H3),"",Udregning!H3) -> 2315 | G9: =IF(ISBLANK(Udregning!I3),"",Udregning!I3) -> 0 | H9: =IF(SUM(B9)>0,SUM(((B9*F9)*(100-G9)/100)),"") -> 2315
B10: =IF(ISBLANK(Udregning!B4),"",Udregning!B4) -> 1 | C10: =IF(ISBLANK(Udregning!A4),"",Udregning!A4) -> 033401 | D10: =IF(ISBLANK(Udregning!C4),"",Udregning!C4) -> SP-BW STAGE PLATE BLACK/WHITE | E10: =IF(ISBLANK(Udregning!D4),"",Udregning!D4) -> Stage plate (black & white) | F10: =IF(ISBLANK(Udregning!H4),"",Udregning!H4) -> 340 | G10: =IF(ISBLANK(Udregning!I4),"",Udregning!I4) -> 0 | H10: =IF(SUM(B10)>0,SUM(((B10*F10)*(100-G10)/100)),"") -> 340
B11: =IF(ISBLANK(Udregning!B5),"",Udregning!B5) -> 1 | C11: =IF(ISBLANK(Udregning!A5),"",Udregning!A5) -> E0433093 | D11: =IF(ISBLANK(Udregning!C5),"",Udregning!C5) -> KL-RA-SZ ring light adapter | E11: =IF(ISBLANK(Udregning!D5),"",Udregning!D5) -> Mounting adapter for 66mm ring light guides for SZ, SD, SF stereo zoom bodies, metal ring with M48x0.75 thread | F11: =IF(ISBLANK(Udregning!H5),"",Udregning!H5) -> 480 | G11: =IF(ISBLANK(Udregning!I5),"",Udregning!I5) -> 0 | H11: =IF(SUM(B11)>0,SUM(((B11*F11)*(100-G11)/100)),"") -> 480
B12: =IF(ISBLANK(Udregning!B6),"",Udregning!B6) -> 1 | C12: =IF(ISBLANK(Udregning!A6),"",Udregning!A6) -> E0433265 | D12: =IF(ISBLANK(Udregning!C6),"",Udregning!C6) -> KL300LED LED light source | E12: =IF(ISBLANK(Udregning!D6),"",Udregning!D6) -> LED light source with 1 LED and an average LED lifetime of 50,000 h. Light intensity 30 W â??halogen equivalent. Colour temperature of white LED: Approx. 5600 K, Stepless electronic dimming (0â??100%) light intensity control, max. active light guide diameter: 6 mm, wide range power supply (100â??240 V/50â??60 Hz). One bracket to mount on SZ2-ST, one Power supply, 4 Plug adapters for EU, UK, USA, AUS and Instruction manual are included. | F12: =IF(ISBLANK(Udregning!H6),"",Udregning!H6) -> 4655 | G12: =IF(ISBLANK(Udregning!I6),"",Udregning!I6) -> 0 | H12: =IF(SUM(B12)>0,SUM(((B12*F12)*(100-G12)/100)),"") -> 4655
B13: =IF(ISBLANK(Udregning!B7),"",Udregning!B7) -> 2 | C13: =IF(ISBLANK(Udregning!A7),"",Udregning!A7) -> N1198000 | D13: =IF(ISBLANK(Udregning!C7),"",Udregning!C7) -> WHSZ10X-H eyepiece | E13: =IF(ISBLANK(Udregning!D7),"",Udregning!D7) -> Eyepiece 10x with ESD capability, FN22, focusable, with Diopter adjustment -8 to +5, accepts eyepiece reticule: 24mm 1.5mm thickness | F13: =IF(ISBLANK(Udregning!H7),"",Udregning!H7) -> 995 | G13: =IF(ISBLANK(Udregning!I7),"",Udregning!I7) -> 0 | H13: =IF(SUM(B13)>0,SUM(((B13*F13)*(100-G13)/100)),"") -> 1990
B14: =IF(ISBLANK(Udregning!B8),"",Udregning!B8) -> 1 | C14: =IF(ISBLANK(Udregning!A8),"",Udregning!A8) -> N6797600 | D14: =IF(ISBLANK(Udregning!C8),"",Udregning!C8) -> COVER-015 | E14: =IF(ISBLANK(Udregning!D8),"",Udregning!D8) -> DUST COVER f.CX31/41, CX20 | F14: =IF(ISBLANK(Udregning!H8),"",Udregning!H8) -> 135 | G14: =IF(ISBLANK(Udregning!I8),"",Udregning!I8) -> 0 | H14: =IF(SUM(B14)>0,SUM(((B14*F14)*(100-G14)/100)),"") -> 135
B15: =IF(ISBLANK(Udregning!B9),"",Udregning!B9) -> 1 | C15: =IF(ISBLANK(Udregning!A9),"",Udregning!A9) -> E0433293 | D15: =IF(ISBLANK(Udregning!C9),"",Udregning!C9) -> KL300-6PRL-6/1000-2 | E15: =IF(ISBLANK(Udregning!D9),"",Udregning!D9) -> Brightfield 6-point ring light, for KL300LED, adaptation diameter: 66mm, minimum working distance: 37mm, active diameter: 6mm, flexible length: 1000mm | F15: =IF(ISBLANK(Udregning!H9),"",Udregning!H9) -> 5585 | G15: =IF(ISBLANK(Udregning!I9),"",Udregning!I9) -> 0 | H15: =IF(SUM(B15)>0,SUM(((B15*F15)*(100-G15)/100)),"") -> 5585
B16: =IF(ISBLANK(Udregning!B10),"",Udregning!B10) | C16: =IF(ISBLANK(Udregning!A10),"",Udregning!A10) | D16: =IF(ISBLANK(Udregning!C10),"",Udregning!C10) -> #N/A | E16: =IF(ISBLANK(Udregning!D10),"",Udregning!D10) -> #N/A | F16: =IF(ISBLANK(Udregning!H10),"",Udregning!H10) -> #N/A | G16: =IF(ISBLANK(Udregning!I10),"",Udregning!I10) -> 0 | H16: =IF(SUM(B16)>0,SUM(((B16*F16)*(100-G16)/100)),"")
B17: =IF(ISBLANK(Udregning!B11),"",Udregning!B11) | C17: =IF(ISBLANK(Udregning!A11),"",Udregning!A11) | D17: =IF(ISBLANK(Udregning!C11),"",Udregning!C11) -> #N/A | E17: =IF(ISBLANK(Udregning!D11),"",Udregning!D11) -> #N/A | F17: =IF(ISBLANK(Udregning!H11),"",Udregning!H11) -> #N/A | G17: =IF(ISBLANK(Udregning!I11),"",Udregning!I11) -> 0 | H17: =IF(SUM(B17)>0,SUM(((B17*F17)*(100-G17)/100)),"")
B18: =IF(ISBLANK(Udregning!B12),"",Udregning!B12) | C18: =IF(ISBLANK(Udregning!A12),"",Udregning!A12) | D18: =IF(ISBLANK(Udregning!C12),"",Udregning!C12) -> #N/A | E18: =IF(ISBLANK(Udregning!D12),"",Udregning!D12) -> #N/A | F18: =IF(ISBLANK(Udregning!H12),"",Udregning!H12) -> #N/A | G18: =IF(ISBLANK(Udregning!I12),"",Udregning!I12) -> 0 | H18: =IF(SUM(B18)>0,SUM(((B18*F18)*(100-G18)/100)),"")
B19: =IF(ISBLANK(Udregning!B13),"",Udregning!B13) | C19: =IF(ISBLANK(Udregning!A13),"",Udregning!A13) | D19: =IF(ISBLANK(Udregning!C13),"",Udregning!C13) -> #N/A | E19: =IF(ISBLANK(Udregning!D13),"",Udregning!D13) -> #N/A | F19: =IF(ISBLANK(Udregning!H13),"",Udregning!H13) -> #N/A | G19: =IF(ISBLANK(Udregning!I13),"",Udregning!I13) -> 0 | H19: =IF(SUM(B19)>0,SUM(((B19*F19)*(100-G19)/100)),"")
... B27: =IF(ISBLANK(Udregning!B21),"",Udregning!B21) | C27: =IF(ISBLANK(Udregning!A21),"",Udregning!A21) | D27: =IF(ISBLANK(Udregning!C21),"",Udregning!C21) -> #N/A | E27: =IF(ISBLANK(Udregning!D21),"",Udregning!D21) -> #N/A | F27: =IF(ISBLANK(Udregning!H21),"",Udregning!H21) -> #N/A | G27: =IF(ISBLANK(Udregning!I21),"",Udregning!I21) -> 0 | H27: =IF(SUM(B27)>0,SUM(((B27*F27)*(100-G27)/100)),"")
G29: Subtotal eksl. Moms | H29: =IF(SUM(H8:H27)>0,SUM(H8:H27),"") -> 30375
